Workbook

Sheet 目次
B1: Daigas Group Fact Book 2026
B3: 目次 | E3: Contents
B5: 1 | C5: {=_xlfn.LET(_xlpm.t,'1株式情報'!$A$1,_xlpm.s,SUBSTITUTE(SUBSTITUTE(_xlpm.t,CHAR(10)," ")," "," "),_xlpm.c,_xlfn.UNICODE(MID(_xlpm.s,_xlfn.SEQUENCE(LEN(_xlpm.s)),1)),_xlpm.p,IFERROR(MATCH(TRUE,((_xlpm.c>=65)*(_xlpm.c<=90)+(_xlpm.c>=97)*(_xlpm.c<=122))>0,0),LEN(_xlpm.s)+1),_xlpm.k,IF(_xlpm.p>1,IF(MID(_xlpm.s,_xlpm.p-1,1)="(",_xlpm.p-1,_xlpm.p),_xlpm.p),TRIM(LEFT(_xlpm.s,_xlpm.k-1)))} -> 株式情報 | E5: {=_xlfn.LET(_xlpm.t,'1株式情報'!$A$1,_xlpm.s,SUBSTITUTE(SUBSTITUTE(_xlpm.t,CHAR(10)," ")," "," "),_xlpm.c,_xlfn.UNICODE(MID(_xlpm.s,_xlfn.SEQUENCE(LEN(_xlpm.s)),1)),_xlpm.p,IFERROR(MATCH(TRUE,((_xlpm.c>=65)*(_xlpm.c<=90)+(_xlpm.c>=97)*(_xlpm.c<=122))>0,0),LEN(_xlpm.s)+1),_xlpm.k,IF(_xlpm.p>1,IF(MID(_xlpm.s,_xlpm.p-1,1)="(",_xlpm.p-1,_xlpm.p),_xlpm.p),TRIM(MID(_xlpm.s,_xlpm.k,LEN(_xlpm.s))))} -> Stock Information
B6: 2 | C6: {=_xlfn.LET(_xlpm.t,'2格付'!$A$1,_xlpm.s,SUBSTITUTE(SUBSTITUTE(_xlpm.t,CHAR(10)," ")," "," "),_xlpm.c,_xlfn.UNICODE(MID(_xlpm.s,_xlfn.SEQUENCE(LEN(_xlpm.s)),1)),_xlpm.p,IFERROR(MATCH(TRUE,((_xlpm.c>=65)*(_xlpm.c<=90)+(_xlpm.c>=97)*(_xlpm.c<=122))>0,0),LEN(_xlpm.s)+1),_xlpm.k,IF(_xlpm.p>1,IF(MID(_xlpm.s,_xlpm.p-1,1)="(",_xlpm.p-1,_xlpm.p),_xlpm.p),TRIM(LEFT(_xlpm.s,_xlpm.k-1)))} -> 格付 | E6: {=_xlfn.LET(_xlpm.t,'2格付'!$A$1,_xlpm.s,SUBSTITUTE(SUBSTITUTE(_xlpm.t,CHAR(10)," ")," "," "),_xlpm.c,_xlfn.UNICODE(MID(_xlpm.s,_xlfn.SEQUENCE(LEN(_xlpm.s)),1)),_xlpm.p,IFERROR(MATCH(TRUE,((_xlpm.c>=65)*(_xlpm.c<=90)+(_xlpm.c>=97)*(_xlpm.c<=122))>0,0),LEN(_xlpm.s)+1),_xlpm.k,IF(_xlpm.p>1,IF(MID(_xlpm.s,_xlpm.p-1,1)="(",_xlpm.p-1,_xlpm.p),_xlpm.p),TRIM(MID(_xlpm.s,_xlpm.k,LEN(_xlpm.s))))} -> Rating
B7: 3 | C7: {=_xlfn.LET(_xlpm.t,'3社債'!$A$1,_xlpm.s,SUBSTITUTE(SUBSTITUTE(_xlpm.t,CHAR(10)," ")," "," "),_xlpm.c,_xlfn.UNICODE(MID(_xlpm.s,_xlfn.SEQUENCE(LEN(_xlpm.s)),1)),_xlpm.p,IFERROR(MATCH(TRUE,((_xlpm.c>=65)*(_xlpm.c<=90)+(_xlpm.c>=97)*(_xlpm.c<=122))>0,0),LEN(_xlpm.s)+1),_xlpm.k,IF(_xlpm.p>1,IF(MID(_xlpm.s,_xlpm.p-1,1)="(",_xlpm.p-1,_xlpm.p),_xlpm.p),TRIM(LEFT(_xlpm.s,_xlpm.k-1)))} -> 社債 | E7: {=_xlfn.LET(_xlpm.t,'3社債'!$A$1,_xlpm.s,SUBSTITUTE(SUBSTITUTE(_xlpm.t,CHAR(10)," ")," "," "),_xlpm.c,_xlfn.UNICODE(MID(_xlpm.s,_xlfn.SEQUENCE(LEN(_xlpm.s)),1)),_xlpm.p,IFERROR(MATCH(TRUE,((_xlpm.c>=65)*(_xlpm.c<=90)+(_xlpm.c>=97)*(_xlpm.c<=122))>0,0),LEN(_xlpm.s)+1),_xlpm.k,IF(_xlpm.p>1,IF(MID(_xlpm.s,_xlpm.p-1,1)="(",_xlpm.p-1,_xlpm.p),_xlpm.p),TRIM(MID(_xlpm.s,_xlpm.k,LEN(_xlpm.s))))} -> Bonds
B8: 4 | C8: {=_xlfn.LET(_xlpm.t,'4借入金明細'!$A$1,_xlpm.s,SUBSTITUTE(SUBSTITUTE(_xlpm.t,CHAR(10)," ")," "," "),_xlpm.c,_xlfn.UNICODE(MID(_xlpm.s,_xlfn.SEQUENCE(LEN(_xlpm.s)),1)),_xlpm.p,IFERROR(MATCH(TRUE,((_xlpm.c>=65)*(_xlpm.c<=90)+(_xlpm.c>=97)*(_xlpm.c<=122))>0,0),LEN(_xlpm.s)+1),_xlpm.k,IF(_xlpm.p>1,IF(MID(_xlpm.s,_xlpm.p-1,1)="(",_xlpm.p-1,_xlpm.p),_xlpm.p),TRIM(LEFT(_xlpm.s,_xlpm.k-1)))} -> 借入金 | E8: {=_xlfn.LET(_xlpm.t,'4借入金明細'!$A$1,_xlpm.s,SUBSTITUTE(SUBSTITUTE(_xlpm.t,CHAR(10)," ")," "," "),_xlpm.c,_xlfn.UNICODE(MID(_xlpm.s,_xlfn.SEQUENCE(LEN(_xlpm.s)),1)),_xlpm.p,IFERROR(MATCH(TRUE,((_xlpm.c>=65)*(_xlpm.c<=90)+(_xlpm.c>=97)*(_xlpm.c<=122))>0,0),LEN(_xlpm.s)+1),_xlpm.k,IF(_xlpm.p>1,IF(MID(_xlpm.s,_xlpm.p-1,1)="(",_xlpm.p-1,_xlpm.p),_xlpm.p),TRIM(MID(_xlpm.s,_xlpm.k,LEN(_xlpm.s))))} -> Loans and debts
B9: 5 | C9: =LEFT('5都市ガス製造設備_LNG船'!$A$1,FIND(CHAR(10),'5都市ガス製造設備_LNG船'!$A$1)-1) -> 都市ガス製造設備・LNG船 | E9: =MID('5都市ガス製造設備_LNG船'!$A$1,FIND(CHAR(10),'5都市ガス製造設備_LNG船'!$A$1)+1,LEN('5都市ガス製造設備_LNG船'!$A$1)) -> City Gas Processing Terminals, LNG Carriers of Daigas group
B10: 6 | C10: {=_xlfn.LET(_xlpm.t,'6価格指標、為替'!$A$1,_xlpm.s,SUBSTITUTE(SUBSTITUTE(_xlpm.t,CHAR(10)," ")," "," "),_xlpm.c,_xlfn.UNICODE(MID(_xlpm.s,_xlfn.SEQUENCE(LEN(_xlpm.s)),1)),_xlpm.p,IFERROR(MATCH(TRUE,((_xlpm.c>=65)*(_xlpm.c<=90)+(_xlpm.c>=97)*(_xlpm.c<=122))>0,0),LEN(_xlpm.s)+1),_xlpm.k,IF(_xlpm.p>1,IF(MID(_xlpm.s,_xlpm.p-1,1)="(",_xlpm.p-1,_xlpm.p),_xlpm.p),TRIM(LEFT(_xlpm.s,_xlpm.k-1)))} -> （参考）価格指標、為替 | E10: {=_xlfn.LET(_xlpm.t,'6価格指標、為替'!$A$1,_xlpm.s,SUBSTITUTE(SUBSTITUTE(_xlpm.t,CHAR(10)," ")," "," "),_xlpm.c,_xlfn.UNICODE(MID(_xlpm.s,_xlfn.SEQUENCE(LEN(_xlpm.s)),1)),_xlpm.p,IFERROR(MATCH(TRUE,((_xlpm.c>=65)*(_xlpm.c<=90)+(_xlpm.c>=97)*(_xlpm.c<=122))>0,0),LEN(_xlpm.s)+1),_xlpm.k,IF(_xlpm.p>1,IF(MID(_xlpm.s,_xlpm.p-1,1)="(",_xlpm.p-1,_xlpm.p),_xlpm.p),TRIM(MID(_xlpm.s,_xlpm.k,LEN(_xlpm.s))))} -> (Reference) Price Indices, Exchange rate
B11: 7 | C11: {=_xlfn.LET(_xlpm.t,'7海外上流、中下流'!$A$1,_xlpm.s,SUBSTITUTE(SUBSTITUTE(_xlpm.t,CHAR(10)," ")," "," "),_xlpm.c,_xlfn.UNICODE(MID(_xlpm.s,_xlfn.SEQUENCE(LEN(_xlpm.s)),1)),_xlpm.p,IFERROR(MATCH(TRUE,((_xlpm.c>=65)*(_xlpm.c<=90)+(_xlpm.c>=97)*(_xlpm.c<=122))>0,0),LEN(_xlpm.s)+1),_xlpm.k,IF(_xlpm.p>1,IF(MID(_xlpm.s,_xlpm.p-1,1)="(",_xlpm.p-1,_xlpm.p),_xlpm.p),TRIM(LEFT(_xlpm.s,_xlpm.k-1)))} -> 海外上流・中下流事業 | E11: {=_xlfn.LET(_xlpm.t,'7海外上流、中下流'!$A$1,_xlpm.s,SUBSTITUTE(SUBSTITUTE(_xlpm.t,CHAR(10)," ")," "," "),_xlpm.c,_xlfn.UNICODE(MID(_xlpm.s,_xlfn.SEQUENCE(LEN(_xlpm.s)),1)),_xlpm.p,IFERROR(MATCH(TRUE,((_xlpm.c>=65)*(_xlpm.c<=90)+(_xlpm.c>=97)*(_xlpm.c<=122))>0,0),LEN(_xlpm.s)+1),_xlpm.k,IF(_xlpm.p>1,IF(MID(_xlpm.s,_xlpm.p-1,1)="(",_xlpm.p-1,_xlpm.p),_xlpm.p),TRIM(MID(_xlpm.s,_xlpm.k,LEN(_xlpm.s))))} -> International upstream business / International mid & downstream business
B12: 8 | C12: {=_xlfn.LET(_xlpm.t,'8持分電源容量'!$A$1,_xlpm.s,SUBSTITUTE(SUBSTITUTE(_xlpm.t,CHAR(10)," ")," "," "),_xlpm.c,_xlfn.UNICODE(MID(_xlpm.s,_xlfn.SEQUENCE(LEN(_xlpm.s)),1)),_xlpm.p,IFERROR(MATCH(TRUE,((_xlpm.c>=65)*(_xlpm.c<=90)+(_xlpm.c>=97)*(_xlpm.c<=122))>0,0),LEN(_xlpm.s)+1),_xlpm.k,IF(_xlpm.p>1,IF(MID(_xlpm.s,_xlpm.p-1,1)="(",_xlpm.p-1,_xlpm.p),_xlpm.p),TRIM(LEFT(_xlpm.s,_xlpm.k-1)))} -> 持分電源容量 | E12: {=_xlfn.LET(_xlpm.t,'8持分電源容量'!$A$1,_xlpm.s,SUBSTITUTE(SUBSTITUTE(_xlpm.t,CHAR(10)," ")," "," "),_xlpm.c,_xlfn.UNICODE(MID(_xlpm.s,_xlfn.SEQUENCE(LEN(_xlpm.s)),1)),_xlpm.p,IFERROR(MATCH(TRUE,((_xlpm.c>=65)*(_xlpm.c<=90)+(_xlpm.c>=97)*(_xlpm.c<=122))>0,0),LEN(_xlpm.s)+1),_xlpm.k,IF(_xlpm.p>1,IF(MID(_xlpm.s,_xlpm.p-1,1)="(",_xlpm.p-1,_xlpm.p),_xlpm.p),TRIM(MID(_xlpm.s,_xlpm.k,LEN(_xlpm.s))))} -> Generation capacity
B13: 9 | C13: {=_xlfn.LET(_xlpm.t,'9再エネ普及貢献量'!$A$1,_xlpm.s,SUBSTITUTE(SUBSTITUTE(_xlpm.t,CHAR(10)," ")," "," "),_xlpm.c,_xlfn.UNICODE(MID(_xlpm.s,_xlfn.SEQUENCE(LEN(_xlpm.s)),1)),_xlpm.p,IFERROR(MATCH(TRUE,((_xlpm.c>=65)*(_xlpm.c<=90)+(_xlpm.c>=97)*(_xlpm.c<=122))>0,0),LEN(_xlpm.s)+1),_xlpm.k,IF(_xlpm.p>1,IF(MID(_xlpm.s,_xlpm.p-1,1)="(",_xlpm.p-1,_xlpm.p),_xlpm.p),TRIM(LEFT(_xlpm.s,_xlpm.k-1)))} -> 再エネ普及貢献量 | E13: {=_xlfn.LET(_xlpm.t,'9再エネ普及貢献量'!$A$1,_xlpm.s,SUBSTITUTE(SUBSTITUTE(_xlpm.t,CHAR(10)," ")," "," "),_xlpm.c,_xlfn.UNICODE(MID(_xlpm.s,_xlfn.SEQUENCE(LEN(_xlpm.s)),1)),_xlpm.p,IFERROR(MATCH(TRUE,((_xlpm.c>=65)*(_xlpm.c<=90)+(_xlpm.c>=97)*(_xlpm.c<=122))>0,0),LEN(_xlpm.s)+1),_xlpm.k,IF(_xlpm.p>1,IF(MID(_xlpm.s,_xlpm.p-1,1)="(",_xlpm.p-1,_xlpm.p),_xlpm.p),TRIM(MID(_xlpm.s,_xlpm.k,LEN(_xlpm.s))))} -> Renewable energy development contribution of Daigas group
B14: 10 | C14: {=_xlfn.LET(_xlpm.t,'10国内発電所'!$A$1,_xlpm.s,SUBSTITUTE(SUBSTITUTE(_xlpm.t,CHAR(10)," ")," "," "),_xlpm.c,_xlfn.UNICODE(MID(_xlpm.s,_xlfn.SEQUENCE(LEN(_xlpm.s)),1)),_xlpm.p,IFERROR(MATCH(TRUE,((_xlpm.c>=65)*(_xlpm.c<=90)+(_xlpm.c>=97)*(_xlpm.c<=122))>0,0),LEN(_xlpm.s)+1),_xlpm.k,IF(_xlpm.p>1,IF(MID(_xlpm.s,_xlpm.p-1,1)="(",_xlpm.p-1,_xlpm.p),_xlpm.p),TRIM(LEFT(_xlpm.s,_xlpm.k-1)))} -> 国内発電所 | E14: {=_xlfn.LET(_xlpm.t,'10国内発電所'!$A$1,_xlpm.s,SUBSTITUTE(SUBSTITUTE(_xlpm.t,CHAR(10)," ")," "," "),_xlpm.c,_xlfn.UNICODE(MID(_xlpm.s,_xlfn.SEQUENCE(LEN(_xlpm.s)),1)),_xlpm.p,IFERROR(MATCH(TRUE,((_xlpm.c>=65)*(_xlpm.c<=90)+(_xlpm.c>=97)*(_xlpm.c<=122))>0,0),LEN(_xlpm.s)+1),_xlpm.k,IF(_xlpm.p>1,IF(MID(_xlpm.s,_xlpm.p-1,1)="(",_xlpm.p-1,_xlpm.p),_xlpm.p),TRIM(MID(_xlpm.s,_xlpm.k,LEN(_xlpm.s))))} -> Domestic power plants
B15: 11 | C15: {=_xlfn.LET(_xlpm.t,'11海外発電所'!$A$1,_xlpm.s,SUBSTITUTE(SUBSTITUTE(_xlpm.t,CHAR(10)," ")," "," "),_xlpm.c,_xlfn.UNICODE(MID(_xlpm.s,_xlfn.SEQUENCE(LEN(_xlpm.s)),1)),_xlpm.p,IFERROR(MATCH(TRUE,((_xlpm.c>=65)*(_xlpm.c<=90)+(_xlpm.c>=97)*(_xlpm.c<=122))>0,0),LEN(_xlpm.s)+1),_xlpm.k,IF(_xlpm.p>1,IF(MID(_xlpm.s,_xlpm.p-1,1)="(",_xlpm.p-1,_xlpm.p),_xlpm.p),TRIM(LEFT(_xlpm.s,_xlpm.k-1)))} -> 海外発電所 | E15: {=_xlfn.LET(_xlpm.t,'11海外発電所'!$A$1,_xlpm.s,SUBSTITUTE(SUBSTITUTE(_xlpm.t,CHAR(10)," ")," "," "),_xlpm.c,_xlfn.UNICODE(MID(_xlpm.s,_xlfn.SEQUENCE(LEN(_xlpm.s)),1)),_xlpm.p,IFERROR(MATCH(TRUE,((_xlpm.c>=65)*(_xlpm.c<=90)+(_xlpm.c>=97)*(_xlpm.c<=122))>0,0),LEN(_xlpm.s)+1),_xlpm.k,IF(_xlpm.p>1,IF(MID(_xlpm.s,_xlpm.p-1,1)="(",_xlpm.p-1,_xlpm.p),_xlpm.p),TRIM(MID(_xlpm.s,_xlpm.k,LEN(_xlpm.s))))} -> International power plants
B16: 12 | C16: {=_xlfn.LET(_xlpm.t,'12企業情報'!$A$1,_xlpm.s,SUBSTITUTE(SUBSTITUTE(_xlpm.t,CHAR(10)," ")," "," "),_xlpm.c,_xlfn.UNICODE(MID(_xlpm.s,_xlfn.SEQUENCE(LEN(_xlpm.s)),1)),_xlpm.p,IFERROR(MATCH(TRUE,((_xlpm.c>=65)*(_xlpm.c<=90)+(_xlpm.c>=97)*(_xlpm.c<=122))>0,0),LEN(_xlpm.s)+1),_xlpm.k,IF(_xlpm.p>1,IF(MID(_xlpm.s,_xlpm.p-1,1)="(",_xlpm.p-1,_xlpm.p),_xlpm.p),TRIM(LEFT(_xlpm.s,_xlpm.k-1)))} -> 企業情報 | E16: {=_xlfn.LET(_xlpm.t,'12企業情報'!$A$1,_xlpm.s,SUBSTITUTE(SUBSTITUTE(_xlpm.t,CHAR(10)," ")," "," "),_xlpm.c,_xlfn.UNICODE(MID(_xlpm.s,_xlfn.SEQUENCE(LEN(_xlpm.s)),1)),_xlpm.p,IFERROR(MATCH(TRUE,((_xlpm.c>=65)*(_xlpm.c<=90)+(_xlpm.c>=97)*(_xlpm.c<=122))>0,0),LEN(_xlpm.s)+1),_xlpm.k,IF(_xlpm.p>1,IF(MID(_xlpm.s,_xlpm.p-1,1)="(",_xlpm.p-1,_xlpm.p),_xlpm.p),TRIM(MID(_xlpm.s,_xlpm.k,LEN(_xlpm.s))))} -> Corporate Information
B17: 13 | C17: {=_xlfn.LET(_xlpm.t,'13財務データ'!$A$1,_xlpm.s,SUBSTITUTE(SUBSTITUTE(_xlpm.t,CHAR(10)," ")," "," "),_xlpm.c,_xlfn.UNICODE(MID(_xlpm.s,_xlfn.SEQUENCE(LEN(_xlpm.s)),1)),_xlpm.p,IFERROR(MATCH(TRUE,((_xlpm.c>=65)*(_xlpm.c<=90)+(_xlpm.c>=97)*(_xlpm.c<=122))>0,0),LEN(_xlpm.s)+1),_xlpm.k,IF(_xlpm.p>1,IF(MID(_xlpm.s,_xlpm.p-1,1)="(",_xlpm.p-1,_xlpm.p),_xlpm.p),TRIM(LEFT(_xlpm.s,_xlpm.k-1)))} -> 財務情報 | E17: {=_xlfn.LET(_xlpm.t,'13財務データ'!$A$1,_xlpm.s,SUBSTITUTE(SUBSTITUTE(_xlpm.t,CHAR(10)," ")," "," "),_xlpm.c,_xlfn.UNICODE(MID(_xlpm.s,_xlfn.SEQUENCE(LEN(_xlpm.s)),1)),_xlpm.p,IFERROR(MATCH(TRUE,((_xlpm.c>=65)*(_xlpm.c<=90)+(_xlpm.c>=97)*(_xlpm.c<=122))>0,0),LEN(_xlpm.s)+1),_xlpm.k,IF(_xlpm.p>1,IF(MID(_xlpm.s,_xlpm.p-1,1)="(",_xlpm.p-1,_xlpm.p),_xlpm.p),TRIM(MID(_xlpm.s,_xlpm.k,LEN(_xlpm.s))))} -> Financial data
B18: 14 | C18: {=_xlfn.LET(_xlpm.t,'14 セグメント'!$A$1,_xlpm.s,SUBSTITUTE(SUBSTITUTE(_xlpm.t,CHAR(10)," ")," "," "),_xlpm.c,_xlfn.UNICODE(MID(_xlpm.s,_xlfn.SEQUENCE(LEN(_xlpm.s)),1)),_xlpm.p,IFERROR(MATCH(TRUE,((_xlpm.c>=65)*(_xlpm.c<=90)+(_xlpm.c>=97)*(_xlpm.c<=122))>0,0),LEN(_xlpm.s)+1),_xlpm.k,IF(_xlpm.p>1,IF(MID(_xlpm.s,_xlpm.p-1,1)="(",_xlpm.p-1,_xlpm.p),_xlpm.p),TRIM(LEFT(_xlpm.s,_xlpm.k-1)))} -> セグメント別 | E18: {=_xlfn.LET(_xlpm.t,'14 セグメント'!$A$1,_xlpm.s,SUBSTITUTE(SUBSTITUTE(_xlpm.t,CHAR(10)," ")," "," "),_xlpm.c,_xlfn.UNICODE(MID(_xlpm.s,_xlfn.SEQUENCE(LEN(_xlpm.s)),1)),_xlpm.p,IFERROR(MATCH(TRUE,((_xlpm.c>=65)*(_xlpm.c<=90)+(_xlpm.c>=97)*(_xlpm.c<=122))>0,0),LEN(_xlpm.s)+1),_xlpm.k,IF(_xlpm.p>1,IF(MID(_xlpm.s,_xlpm.p-1,1)="(",_xlpm.p-1,_xlpm.p),_xlpm.p),TRIM(MID(_xlpm.s,_xlpm.k,LEN(_xlpm.s))))} -> by Segment
B19: 15 | C19: ='15ESG'!$A$1 -> ESG | E19: ='15ESG'!$A$1 -> ESG
B20: 16 | C20: {=_xlfn.LET(_xlpm.t,'16単位換算'!$A$1,_xlpm.s,SUBSTITUTE(SUBSTITUTE(_xlpm.t,CHAR(10)," ")," "," "),_xlpm.c,_xlfn.UNICODE(MID(_xlpm.s,_xlfn.SEQUENCE(LEN(_xlpm.s)),1)),_xlpm.p,IFERROR(MATCH(TRUE,((_xlpm.c>=65)*(_xlpm.c<=90)+(_xlpm.c>=97)*(_xlpm.c<=122))>0,0),LEN(_xlpm.s)+1),_xlpm.k,IF(_xlpm.p>1,IF(MID(_xlpm.s,_xlpm.p-1,1)="(",_xlpm.p-1,_xlpm.p),_xlpm.p),TRIM(LEFT(_xlpm.s,_xlpm.k-1)))} -> (参考) 単位換算 | E20: {=_xlfn.LET(_xlpm.t,'16単位換算'!$A$1,_xlpm.s,SUBSTITUTE(SUBSTITUTE(_xlpm.t,CHAR(10)," ")," "," "),_xlpm.c,_xlfn.UNICODE(MID(_xlpm.s,_xlfn.SEQUENCE(LEN(_xlpm.s)),1)),_xlpm.p,IFERROR(MATCH(TRUE,((_xlpm.c>=65)*(_xlpm.c<=90)+(_xlpm.c>=97)*(_xlpm.c<=122))>0,0),LEN(_xlpm.s)+1),_xlpm.k,IF(_xlpm.p>1,IF(MID(_xlpm.s,_xlpm.p-1,1)="(",_xlpm.p-1,_xlpm.p),_xlpm.p),TRIM(MID(_xlpm.s,_xlpm.k,LEN(_xlpm.s))))} -> (Reference) Unit Conversion

Sheet 1株式情報
A1: 株式情報 Stock Information | G1: 2026年3月末時点 As of March 31, 2026
A3: ■ 株式の概要 Share Information
A4: 発行可能株式総数：株 | E4: 700000000
A5: Common Stock authorized : shares
A6: 発行済株式数*：株 | E6: 397881800
A7: Common Stock issued* : shares
A8: 上場証券取引所 | E8: 東京証券取引所 プライム市場 Tokyo Stock Exchange, Prime Market
A9: Listing of Shares
A10: 議決権を有する単元株主数 | E10: 73347
A11: Number of shareholders who own voting rights
A12: * 自己株式13,979,916株を含んでおります。 / This figure includes 13,979,916 shares of treasury stock.
A14: ■ 大株主の状況 Major Shareholders | G14: 2026年3月末時点 As of March 31, 2026
A15: 氏名又は名称 Name of Shareholder | E15: 所有株式数（千株） Number of Shares held (thousands) | G15: 発行済株式総数に対する割合（%） Percentage of voting rights (%)
A16: 日本マスタートラスト信託銀行株式会社（信託口） | E16: 56774 | G16: 14.79
A17: The Master Trust Bank of Japan, Ltd. (Trust a/c)
A18: 株式会社日本カストディ銀行（信託口） | E18: 18992 | G18: 4.95
A19: Custody Bank of Japan, Ltd. (Trust a/c)
A20: 日本生命保険相互会社（常任代理人 日本マスタートラスト信託銀行株式会社） | E20: 13469 | G20: 3.51
A21: Nippon Life Insurance Company (Standing proxy: The Master Trust Bank of Japan, Ltd.)
A22: 株式会社りそな銀行 | E22: 10555 | G22: 2.75
A23: Resona Bank, Ltd.
A24: STATE STREET BANK AND TRUST COMPANY 505001（常任代理人 株式会社みずほ銀行） | E24: 8777 | G24: 2.29
A25: STATE STREET BANK AND TRUST COMPANY 505001 (Standing proxy: Mizuho Bank, Ltd.)
A26: 株式会社三菱ＵＦＪ銀行 | E26: 8391 | G26: 2.19
A27: MUFG Bank, Ltd.
A28: 明治安田生命保険相互会社（常任代理人 株式会社日本カストディ銀行） | E28: 5838 | G28: 1.52
A29: Meiji Yasuda Life Insurance Company (Standing proxy: Custody Bank of Japan, Ltd.)
A30: JP MORGAN CHASE BANK 385781（常任代理人 株式会社みずほ銀行） | E30: 5191 | G30: 1.35
A31: JP MORGAN CHASE BANK 385781 (Standing proxy: Mizuho Bank, Ltd.)
A32: 燈友会 | E32: 4686 | G32: 1.22
A33: Toyukai
A34: GOVERNMENT OF NORWAY（常任代理人 シティバンク、エヌ・エイ） | E34: 4660 | G34: 1.21
A35: GOVERNMENT OF NORWAY (Standing proxy: Citibank, N.A.)
A36: 計 Total | E36: 137337 | G36: 35.77

Sheet 2格付
A1: 格付 Rating | J1: 2026年6月末時点 As of June 30, 2026
A3: ■ 格付推移 Rating history
A4: 区分 Category | B4: 格付機関 Rating agency | C4: 17.6 June, 2017 | D4: 18.6 June, 2018 | E4: 19.6 June, 2019 | F4: 20.6 June, 2020 | G4: 21.6 June, 2021 | H4: 22.6 June, 2022 | I4: 23.6 June, 2023 | J4: 24.6 June, 2024 | K4: 25.6 June, 2025 | L4: 26.6 June, 2026
A5: 長期債 Long-term bond | B5: R&I（格付投資情報センター） Rating and Investment Information, Inc. | C5: AA+ | D5: AA+ | E5: AA+ | F5: AA+ | G5: AA+ | H5: AA+ | I5: AA+ | J5: AA+ | K5: AA+ | L5: AA+
B6: ムーディーズ Moody's Investors Service | C6: Aa3 | D6: Aa3 | E6: Aa3 | F6: A1 | G6: A1 | H6: A1 | I6: A1 | J6: A1 | K6: A1 | L6: A1
B7: S&Pグローバル・レーティング S&P Global Ratings | C7: AA- | D7: AA- | E7: AA- | F7: AA- | G7: AA- | H7: AA- | I7: AA- | J7: AA- | K7: A+ | L7: A+
A8: 国内CP Domestic Commercial paper | B8: R&I（格付投資情報センター） Rating and Investment Information, Inc. | C8: a-1＋ | D8: a-1＋ | E8: a-1＋ | F8: a-1＋ | G8: a-1＋ | H8: a-1＋ | I8: a-1＋ | J8: a-1＋ | K8: a-1＋ | L8: a-1＋
B9: S&Pグローバル・レーティング S&P Global Ratings | C9: A-1+ | D9: A-1+ | E9: A-1+ | F9: A-1+ | G9: A-1+ | H9: A-1+ | I9: A-1+ | J9: A-1+ | K9: A-1 | L9: A-1

Sheet 3社債
A1: 社債 Bonds | F1: 2026年3月末時点 As of March 31, 2026
A3: ■ 社債明細 Bonds
A4: 会社名 Company | B4: 銘柄 Descriptions | C4: 回号 No. | D4: 発行日 Date of issue | E4: 金額（百万円） Amount (million yen) | F4: 利率（%） Interest rate (%) | G4: 償還日 Date of maturity
A5: 大阪ガス株式会社 Osaka Gas Co, Ltd. | B5: 国内無担保社債 Domestic unsecured corporate bonds | C5: #21 | D5: 2006.6.23 | E5: 9999 | F5: 2.33 | G5: 2026.6.23
C6: #32 | D6: 2014.3.24 | E6: 15000 | F6: 1.606 | G6: 2034.3.24
C7: #33 | D7: 2014.10.24 | E7: 20000 | F7: 1.402 | G7: 2034.10.24
C8: #34 | D8: 2015.3.5 | E8: 10000 | F8: 1.685 | G8: 2045.3.3
C9: #35 | D9: 2016.12.9 | E9: 10000 | F9: 0.986 | G9: 2056.12.8
C10: #36 | D10: 2019.6.6 | E10: 20000 | F10: 0.642 | G10: 2049.6.4
C11: #37 | D11: 2019.6.6 | E11: 20000 | F11: 0.818 | G11: 2059.6.6
C12: #38 | D12: 2019.9.5 | E12: 20000 | F12: 0.4 | G12: 2049.9.3
C13: #39 | D13: 2019.9.5 | E13: 5000 | F13: 0.545 | G13: 2058.9.5
C14: #40 | D14: 2019.9.5 | E14: 10000 | F14: 0.7 | G14: 2069.9.5
C15: #41 | D15: 2021.6.3 | E15: 20000 | F15: 0.22 | G15: 2031.6.3
C16: #42 | D16: 2021.6.3 | E16: 10000 | F16: 0.576 | G16: 2041.6.3
C17: #43 | D17: 2021.6.3 | E17: 10000 | F17: 0.851 | G17: 2051.6.2
... C29: #55 | D29: 2024.5.30 | E29: 6000 | F29: 2.371 | G29: 2054.5.29
B30: 第１回利払繰延条項・期限前償還条項付無担保社債（劣後特約付） #1 Unsecured corporate bonds with interest deferrable clause and early redeemable option (subordinated corporate bonds) | C30: #1 | D30: 2019.12.12 | E30: 50000 | F30: 0.44 | G30: 2079.12.12
B31: 第２回利払繰延条項・期限前償還条項付無担保社債（劣後特約付） #2 Unsecured corporate bonds with interest deferrable clause and early redeemable option (subordinated corporate bonds) | C31: #2 | D31: 2019.12.12 | E31: 50000 | F31: 0.6 | G31: 2079.12.12
B32: 第３回利払繰延条項・期限前償還条項付無担保社債（劣後特約付） #3 Unsecured corporate bonds with interest deferrable clause and early redeemable option (subordinated corporate bonds) | C32: #3 | D32: 2020.9.10 | E32: 27000 | F32: 0.49 | G32: 2080.9.10
B33: 第４回利払繰延条項・期限前償還条項付無担保社債（劣後特約付） #4 Unsecured corporate bonds with interest deferrable clause and early redeemable option (subordinated corporate bonds) | C33: #4 | D33: 2020.9.10 | E33: 48000 | F33: 0.63 | G33: 2080.9.10
B34: 合計 Total | E34: 500999

Sheet 4借入金明細
A1: 借入金 Loans and debts | G1: 2026年3月末時点 As of March 31, 2026
A3: ■ 借入金明細 Loans and debts
A4: 区分 Category | E4: 金額（百万円） Amount (million yen) | G4: 平均利率（%） Average interest rate (%)
A5: 短期借入金 | E5: 22163 | G5: 0.017
A6: Short-term debt
A7: 1年以内に返済予定の長期借入金 | E7: 44006 | G7: 0.033
A8: Long-term debt due within one year
A9: 1年以内に返済予定のリース債務 | E9: 3374 | G9: -
A10: Lease obligation due within one year
A11: 長期借入金（1年以内に返済予定のものを除く） | E11: 303203 | G11: 0.017
A12: Long-term debt due after one year
A13: リース債務（1年以内に返済予定のものを除く） | E13: 25758 | G13: -
A14: Lease obligation due after one year
A15: 合計 Total | E15: 398506 | G15: -
A18: ■ 2031年3月期までの償還・返済予定額 Annual maturities until FY2031 | G18: （百万円）(million yen)
A19: 年度 Fiscal year | E19: 社債 Bonds | G19: 長期借入金 Long-term loans
A20: 2027年3月期 in FY27 | E20: 10014 | G20: 44006
A21: 2028年3月期 in FY28 | E21: 16 | G21: 55914
A22: 2029年3月期 in FY29 | E22: 10000 | G22: 56330
A23: 2030年3月期 in FY30 | E23: - | G23: 37577
A24: 2031年3月期 in FY31 | E24: - | G24: 11046

Sheet 5都市ガス製造設備_LNG船
A1: 都市ガス製造設備・LNG船 City Gas Processing Terminals, LNG Carriers of Daigas group | G1: 2026年3月末時点 As of March 31, 2026
A3: ■ 都市ガス製造所別設備数 Number of Facilities in City Gas Processing Terminals
E4: 泉北製造所 Senboku terminal | G4: 姫路製造所 Himeji terminal
A5: LNG気化能力（千m³／時） | E5: 1870 | G5: 858
A6: Main materials
A7: 主要設備 Main facilities | C7: LNG気化設備（基） | E7: 16 | G7: 5
C8: LNG vaporization facility (units)
C9: LNGタンク（基） | E9: 17 | G9: 8
C10: LNG tanks (units)
A11: LNGタンク総容量（kl） | E11: 1665000 | G11: 740000
A12: Total LNG tank capacity (kl)
A13: 主原料 | E13: LNG | G13: LNG
A14: Main materials
A16: ■ DaigasグループのLNG船一覧 LNG Carriers of Daigas group
A17: 船名 Name | E17: 就航年 Delivery | G17: 容量 Capacity
A18: LNG DREAM | E18: 2006 | G18: 145,000 m³
A19: LNG BARKA | E19: 2008 | G19: 153,000 m³
A20: LNG JUPITER | E20: 2009 | G20: 153,000 m³
A21: LNG VENUS | E21: 2014 | G21: 153,000 m³
A22: LNG MARS | E22: 2016 | G22: 153,000 m³
A23: LNG SATURN | E23: 2016 | G23: 153,000 m³
A24: LNG JUNO | E24: 2018 | G24: 180,000 m³
A25: GRACE FREESIA | E25: 2022 | G25: 174,000 m³
A26: CELSIUS GIZA | E26: 2023 | G26: 180,000 m³
A27: ATHOS LNG | E27: 2024 | G27: 174,000 m³

Sheet 6価格指標、為替
A1: （参考）価格指標、為替 (Reference) Price Indices, Exchange rate | J1: 2026年6月末時点 As of June 30, 2026
A3: ■ 原油・LNG価格指標 Japan crude cocktail price (JCC), Japan LNG cocktail price (JLC), Brent
A19: ■ 為替 Exchange rate | G19: ■ 天然ガス価格 Henry Hub (HH), TTF

Sheet 7海外上流、中下流
A1: 海外上流・中下流事業 International upstream business / International mid & downstream business | J1: 2026年3月末時点 As of March 31, 2025
A3: ■ 海外上流事業 International upstream business
A4: 案件名 Project name | D4: 場所 Location | F4: 主な事業 Main business | I4: 出資比率 Shareholding Ratio | K4: 参画時期（年） Year of participation
A5: サンライズ | D5: オーストラリア・東ティモール | F5: LNG | I5: 0.1 | K5: 2000
A6: Sunrise LNG Project | D6: Australia, East Timor
A7: ゴーゴン | D7: オーストラリア | F7: LNG | I7: 0.0125 | K7: 2009
A8: Gorgon LNG Project | D8: Australia
A9: イクシス | D9: オーストラリア | F9: LNG・コンデンセート | I9: 0.012 | K9: 2012
A10: Ichthys LNG Project | D10: Australia | F10: LNG, Condensate
A11: サビン・シェールガスプロジェクト | D11: 米国 | F11: 天然ガス・コンデンセート・天然ガス液 | I11: 1 | K11: 2018
A12: Sabine Oil & Gas Corporation | D12: USA | F12: Natural gas, Condensate, Natural Gas Liquids
A14: ■ 海外中下流事業（発電除く） International mid & downstream business
A15: 案件名 Project name | D15: 場所 Location | F15: 主な事業 Main business | I15: 出資比率 Shareholding Ratio | K15: 参画時期（年） Year of participation
A16: フリーポートLNG基地（FLNG社） | D16: 米国 | F16: 液化基地 | I16: 0.1081 | K16: 2008
A17: Freeport LNG Project | D17: USA | F17: LNG terminal
A18: EII | D18: オーストラリア | F18: インフラ事業（ポートフォリオ） | I18: 0.302 | K18: 2008
D19: Australia | F19: Infrastructure business (Portfolio)
A20: サグントLNG基地 | D20: スペイン | F20: 受入基地 | I20: 0.2 | K20: 2010
A21: Sagunto LNG Terminal | D21: Spain | F21: LNG receiving terminal
A22: City-OG Gas Energy Services | D22: シンガポール | F22: ガス販売事業 | I22: 0.49 | K22: 2013 | AY22: ←2025から変更？（16.7％だった）
D23: Singapore | F23: Sale of gas business | AY23: ←2025から変更？（63％で開示していた）
A24: フリーポートLNG基地（第一系列） | D24: 米国 | F24: 液化事業 | I24: 0.25 | K24: 2014
A25: Freeport LNG Project Train 1 | D25: USA | F25: Liquefication business
A26: NS-OG Energy Solutions (Thailand) | D26: タイ | F26: コージェネレーション事業 | I26: 0.3 | K26: 2014
D27: Thailand | F27: Cogeneration business
A28: PT OSAKA GAS INDONESIA | D28: インドネシア | F28: ガス販売・エネルギーサービス関連事業 | I28: 1 | K28: 2018
D29: Indonesia | F29: Sale of gas, Energy services related business
A30: Sojitz Osaka Gas Energy | D30: ベトナム | F30: 天然ガス供給事業 | I30: 0.49 | K30: 2019
D31: Vietnam | F31: Natural gas supply business
A32: AGP International Holdings Pte. Ltd. | D32: シンガポール | F32: 中・小型LNG基地事業、都市ガス事業 | I32: - | K32: 2019
D33: Singapore | F33: Medium- and small-scale LNG terminal business, city gas business
A34: AG&P CGD HoldCo SPV3 (Singapore) Pte. Ltd. | D34: シンガポール | F34: インド都市ガス事業 | I34: - | K34: 2021
D35: Singapore | F35: City Gas Business in India
A36: Australian Integrated Carbon Pty Ltd | D36: オーストラリア | F36: 豪州カーボンクレジット創出・販売事業 | I36: 0.12 | K36: 2022
D37: Australia | F37: Carbon credit development and sales business in Australia
A38: DAIGAS SJ CGD PTE. LTD. | D38: シンガポール | F38: インド都市ガス事業 | I38: - | K38: 2023
D39: Singapore | F39: City Gas Business in India
A40: Everfuel | D40: デンマーク | F40: グリーン水素事業 | I40: - | K40: 2024
D41: Denmark | F41: Green Hydrogen Business

Sheet 8持分電源容量
A1: 持分電源容量 Generation capacity | J1: 2026年3月時点 As of March 2026
A3: ■ Daigasグループ 持分電源容量 Generation capacity of Daigas group
A4: 地域 Region | C4: 区分 Category | G4: 内訳 Breakdown | J4: 持分電源容量（MW）*¹ Generation capacity (MW)*¹
A5: 国内 | C5: 火力等 | G5: 国内 火力等*² | J5: 3271
A6: Japan | C6: Thermal power, etc. | G6: Domestic thermal power, etc.*²
C7: 再生可能エネルギー | G7: 国内 再生可能エネルギー | J7: 1476
C8: Renewable energy | G8: Domestic renewable energy
G9: 国内 計 | J9: 4747
G10: Domestic total
A11: 海外 | C11: 火力 | G11: 海外 火力 | J11: 1377
A12: International | C12: Thermal power | G12: International thermal power
C13: 再生可能エネルギー | G13: 海外 再生可能エネルギー | J13: 305
C14: Renewable energy | G14: International renewable energy
G15: 海外 計 | J15: 1682
G16: International total
A17: 国内外 | C17: 火力 | G17: 国内外 火力 | J17: 4648
A18: Domestic and International | C18: Thermal power | G18: Domestic and international thermal power
C19: 再生可能エネルギー | G19: 国内外 再生可能エネルギー | J19: 1781
C20: Renewable energy | G20: Domestic and international renewable energy
G21: 合計 | J21: 6429
G22: Total
A23: *1 運転中のみ Including projects that have been decided and have not yet started construction
A24: *2 冷熱発電を含む Including Cryogenic Power Generation

Sheet 9再エネ普及貢献量
A1: 再エネ普及貢献量 Renewable energy development contribution of Daigas group | K1: 2026年3月時点 As of March 2026
A3: ■ Daigasグループ 再生可能エネルギー普及貢献量 Renewable energy development contribution of Daigas group
A4: 区分 Category | C4: 地域 Region | G4: 電源種別・内訳 Source / Breakdown | J4: 再エネ普及貢献量（MW）*¹ Renewable energy development contribution of Daigas group*¹
A5: 保有 | C5: 国内 | G5: 太陽光 | J5: 780
A6: Ownership | C6: Japan | G6: Solar power
G7: バイオマス | J7: 391
G8: Biomass
G9: 風力 | J9: 198
G10: Wind power
G11: 国内 計 | J11: 1369
G12: Domestic total
C13: 海外 | G13: 太陽光 | J13: 296
C14: International | G14: Solar power
G15: 風力 | J15: 69
G16: Wind power
G17: 海外 計 | J17: 365
G18: International total
G19: 保有 国内外 計 | J19: 1734
G20: Ownership total
A21: 開発*² | C21: 国内 | G21: 国内 | J21: 353
A22: Development*² | C22: Japan | G22: Japan
C23: 海外 | G23: 海外 | J23: 84
C24: International | G24: International
G25: 開発 計 | J25: 437
G26: Development total
A27: 調達*³ | C27: 国内 | G27: 国内 | J27: 1592
A28: Procurement*³ | C28: Japan | G28: Japan
G29: 調達 計 | J29: 1592
G30: Procurement total
G31: 合計 | J31: 3763
G32: Total
A33: *1 建設中・意思決定済みの案件及びFIT制度の適用電源等を含む Including projects under construction or already decided, as well as power sources eligible for the FIT scheme, etc.
A34: *2 開発したが保有していない案件等 Including projects developed but not owned.
A35: *3 電源を保有せず、他社から調達している案件 Projects where power is procured from third parties without owning the generation asset

Sheet 10国内発電所
A1: 国内発電所 Domestic power plants | H1: 2026年6月30日現在 As of June 30, 2026
A3: ■Daigasグループの発電施設 Power plants of Daigas group
C4: 案件名 Project name | D4: 所在地 Location | E4: 当社グループ出資割合 Daigas Group ownership interest | F4: 発電設備容量 (MW)*¹ Generation capacity (MW)*¹ | G4: 燃料・発電方式 Fuel / generation method | H4: 事業開始 Start of operation
A5: 運転中 Operating | C5: 火力発電所等
C6: Thermal power plants, etc.
C7: 泉北製造所第1工場 | D7: 大阪府 | E7: 1 | F7: 18 | G7: 天然ガス・ＧＴＣＣ | H7: 37438
C8: Senboku LNG Terminal I | D8: Osaka | G8: Natural gas, GTCC | H8: July, 2002
C9: 姫路製造所 | D9: 兵庫県 | E9: 1 | F9: 56 | G9: 天然ガス・ＧＴＣＣ等 | H9: 38078
C10: Himeji LNG Terminal | D10: Hyogo | G10: Natural gas, GTCC, etc. | H10: April, 2004
C11: 姫路天然ガス発電所1,2号 | D11: 兵庫県 | E11: 1 | F11: 1245 | G11: 天然ガス・ＧＴＣＣ | H11: 2026年1-5月
C12: Himeji Natural Gas Power Plants No. 1 and 2 | D12: Hyogo | G12: Natural gas, GTCC | H12: January-May, 2026
C13: 泉北天然ガス発電所 | D13: 大阪府 | E13: 1 | F13: 1109 | G13: 天然ガス・ＧＴＣＣ | H13: 2009年4-11月
C14: Senboku Natural Gas Power Plant | D14: Osaka | G14: Natural gas, GTCC | H14: April-November 2009
C15: 福島天然ガス発電所 | D15: 福島県 | E15: 0.2 | F15: 1180 | G15: 天然ガス・ＧＴＣＣ | H15: 2020年4-8月
C16: Fukushima Natural Gas Power Plant | D16: Fukushima | G16: Natural gas, GTCC | H16: April-August 2020
C17: 酉島エネルギーセンター | D17: 大阪府 | E17: 1 | F17: 141 | G17: 天然ガス・ＧＴＣＣ | H17: 37347
C18: Torishima Energy Center | D18: Osaka | G18: Natural gas, GTCC | H18: April, 2002
C19: 宇治エネルギーセンター | D19: 京都府 | E19: 1 | F19: 67 | G19: 天然ガス・ＧＴＣＣ | H19: 38261
C20: Uji Energy Center | D20: Kyoto | G20: Natural gas, GTCC | H20: October, 2004
C21: 摂津エネルギーセンター | D21: 大阪府 | E21: 1 | F21: 18 | G21: 天然ガス・ガスエンジン | H21: 38808
C22: Settsu Energy Center | D22: Osaka | G22: Natural gas, Gas Engine | H22: April, 2006
C23: 千里エネルギーセンター | D23: 大阪府 | E23: 1 | F23: 7 | G23: 天然ガス・ガスタービン | H23: 39448
C24: Senri Energy Center | D24: Osaka | G24: Natural gas, Gas Turbine | H24: January, 2008
C25: 船町発電所 | D25: 大阪府 | E25: 0.95 | F25: 149 | G25: 天然ガス・ＧＴＣＣ | H25: 36251
C26: Funamachi Power Plant | D26: Oaska | G26: Natural gas, GTCC | H26: April, 1999
C27: 名古屋発電所（バイオマス混焼分除く） | D27: 愛知県 | E27: 1 | F27: 142 | G27: 石炭・スチームタービン | H27: 36617
C28: Nagoya Power Plant (excluding biomass co-firing) | D28: Aichi | G28: Coal, Steam turbine | H28: April, 2000
C29: 名古屋第2発電所（バイオマス混焼分除く） | D29: 愛知県 | E29: 1 | F29: 77 | G29: 石炭・スチームタービン | H29: 42979
C30: Nagoya II Power Plant (excluding biomass co-firing) | D30: Aichi | G30: Coal, Steam turbine | H30: September, 2017
C31: 姫路製造所 冷熱発電 | D31: 兵庫県 | E31: 1 | F31: 7 | G31: 冷熱発電 | H31: -
C32: Himeji LNG Terminal Cryogenic Power Plant | D32: Hyogo | G32: Cryogenic power
C33: 火力等 小計 | F33: 4216
C34: Thermal, etc. subtotal
A35: 運転中 Operating | C35: 再生可能エネルギー発電所
C36: Renewable energy power plants
C37: 葉山風力発電所 | D37: 高知県 | E37: 1 | F37: 20 | G37: 風力 | H37: 38777
C38: Hayama Wind Farm Power Plant | D38: Kochi | G38: Wind power | H38: March, 2006
C39: 広川明神山風力発電所 | D39: 和歌山県 | E39: 1 | F39: 16 | G39: 風力 | H39: 39753
C40: Hirogawa Myojin-yama Wind Power Plant | D40: Wakayama | G40: Wind power | H40: November, 2008
C41: 由良風力発電所 | D41: 和歌山県 | E41: 1 | F41: 10 | G41: 風力 | H41: 40787
C42: Yura Wind Power Plant | D42: Wakayama | G42: Wind power | H42: September, 2011
C43: 肥前風力発電所 | D43: 佐賀県 | E43: 1 | F43: 12 | G43: 風力 | H43: 38412
C44: Hizen Wind Power Plant | D44: Saga | G44: Wind power | H44: March, 2005
C45: 肥前南風力発電所 | D45: 佐賀県 | E45: 1 | F45: 18 | G45: 風力 | H45: 39448
C46: Hizen South Wind Power Plant | D46: Saga | G46: Wind power | H46: January, 2008
C47: 平生風力発電所 | D47: 山口県 | E47: 0.998 | F47: 9 | G47: 風力 | H47: 39904
C48: Hirao Wind Power Plant | D48: Yamaguchi | G48: Wind power | H48: April, 2009
C49: 印南風力発電所 | D49: 和歌山県 | E49: 1 | F49: 26 | G49: 風力 | H49: 43252
C50: Inami Wind Power Plant | D50: Wakayama | G50: Wind power | H50: June, 2018
C51: 尻別風力発電所 | D51: 北海道 | E51: 1 | F51: 27 | G51: 風力 | H51: 44440
C52: Shiribetsu Wind Power Plant | D52: Hokkaido | G52: Wind power | H52: September, 2021
C53: 野辺地陸奥湾風力発電所 | D53: 青森県 | E53: 0.39 | F53: 39.6 | G53: 風力 | H53: 44927
C54: Noheji Mutsu Bay Wind Power Plant | D54: Aomori | G54: Wind power | H54: January, 2023
C55: 横浜町風力発電所 | D55: 青森県 | E55: 0.39 | F55: 43.2 | G55: 風力 | H55: 45017
C56: Yokohama Town Wind Power Plant | D56: Aomori | G56: Wind power | H56: April, 2023
C57: 五島市沖洋上風力発電所 | D57: 長崎県五島市沖 | E57: - | F57: 16.8 | G57: 風力 | H57: 46023
C58: Goto City Offshore Wind Power Plant | D58: Off Goto, Nagasaki | G58: Wind power | H58: January, 2026
C59: 酉島太陽光発電所 | D59: 大阪府 | E59: 1 | F59: 1.8 | G59: 太陽光 | H59: 41365
C60: Torishima Solar Power Plant | D60: Osaka | G60: Solar power | H60: April, 2013
C61: 酉島第二太陽光発電所 | D61: 大阪府 | E61: 1 | F61: 1.2 | G61: 太陽光 | H61: 41640
C62: Torishima II Solar Power Plant | D62: Osaka | G62: Solar power | H62: January, 2014
C63: 勝央太陽光発電所 | D63: 岡山県 | E63: 1 | F63: 0.9 | G63: 太陽光 | H63: 41365
C64: Shouou Solar Power Plant | D64: Okayama | G64: Solar power | H64: April, 2013
C65: 広川明神山太陽光発電所 | D65: 和歌山県 | E65: 1 | F65: 0.8 | G65: 太陽光 | H65: 41365
C66: Hirogawa Myojin-yama Solar Power Plant | D66: Wakayama | G66: Solar power | H66: April, 2013
C67: Daigas大分みらいソーラー発電所 | D67: 大分県 | E67: - | F67: 26.5 | G67: 太陽光 | H67: 41395
C68: Daigas Oita Mirai Solar Power Plant | D68: Oita | G68: Solar power | H68: May, 2013
C69: 由良太陽光発電所（北・南） | D69: 和歌山県 | E69: 1 | F69: 1.7 | G69: 太陽光 | H69: 42705
C70: Yura Solar Power Plant (North & South) | D70: Wakayama | G70: Solar power | H70: December, 2016
C71: 桑原城メガソーラー(No.4) | D71: 鹿児島県 | E71: 0.5 | F71: 12 | G71: 太陽光 | H71: 43922
C72: Kuwabarajyou Mega Solar (No. 4) | D72: Kagoshima | G72: Solar power | H72: April, 2020
C73: 茨城県北茨城市磯原町特高発電所 | D73: 茨城県 | E73: 0.5 | F73: 35 | G73: 太陽光 | H73: 44197
C74: Extra-high-voltage Power Plant in Isohara-cho, Kitaibaraki City, Ibaraki Prefecture | D74: Ibaraki | G74: Solar power | H74: January, 2021
C75: 雫石太陽光発電所 | D75: 岩手県 | E75: 0.2 | F75: 24.8 | G75: 太陽光 | H75: 42644
C76: Shizukuishi Solar Power Plant | D76: Iwate | G76: Solar power | H76: October, 2016
C77: ハル水戸太陽光 第1-第5発電所 | D77: 茨城県 | E77: 0.2 | F77: 9.3 | G77: 太陽光 | H77: 42125
C78: Haru Mito Solar Power Plants No. 1-5 | D78: Ibaraki | G78: Solar power | H78: May, 2015
C79: 小松太陽光発電所 | D79: 石川県 | E79: 0.2 | F79: 13.2 | G79: 太陽光 | H79: 43221
C80: Komatsu Solar Power Plant | D80: Ishikawa | G80: Solar power | H80: May, 2018
C81: 三沢太陽光発電所 | D81: 青森県 | E81: 0.2 | F81: 9.5 | G81: 太陽光 | H81: 42767
C82: Misawa Solar Power Plant | D82: Aomori | G82: Solar power | H82: February, 2017
C83: 八幡太陽光発電所 | D83: 三重県 | E83: 1 | F83: 0.7 | G83: 太陽光 | H83: 41518
C84: Yawata Solar Power Plant | D84: Mie | G84: Solar power | H84: September, 2013
C85: 大分太陽光発電所 | D85: 大分県 | E85: 0.4 | F85: 38.6 | G85: 太陽光 | H85: 43891
C86: Oita Solar Power Plant | D86: Oita | G86: Solar power | H86: March, 2020
C87: 倉吉太陽光発電所 | D87: 鳥取県 | E87: 0.4 | F87: 36.4 | G87: 太陽光 | H87: 44166
C88: Kurayoshi Solar Power Plant | D88: Tottori | G88: Solar power | H88: December, 2020
C89: 日立十王太陽光発電所 | D89: 茨城県 | E89: 0.4 | F89: 55.6 | G89: 太陽光 | H89: 42948
C90: Hitachi Juo Solar Power Plant | D90: Ibaraki | G90: Solar power | H90: August, 2017
C91: 小田池・奈良須池ソーラー発電所 | D91: 香川県 | E91: 0.5 | F91: 5.7 | G91: 太陽光 | H91: 2018年10月・12月
C92: Odaike Narazuike Solar Power Plant | D92: Kagawa | G92: Solar power | H92: October & December 2018
C93: 佐野太陽光発電所 | D93: 栃木県 | E93: 0.4 | F93: 41.6 | G93: 太陽光 | H93: 44562
C94: Sano Solar Power Plant | D94: Tochigi | G94: Solar power | H94: January, 2022
C95: 田名部太陽光発電所 | D95: 岩手県 | E95: 0.4 | F95: 26.5 | G95: 太陽光 | H95: 44562
C96: Tanabu Solar Power Plant | D96: Iwate | G96: Solar power | H96: January, 2022
C97: 洋野太陽光発電所 | D97: 岩手県 | E97: 0.4 | F97: 13.7 | G97: 太陽光 | H97: 44805
C98: Hirono Solar Power Plant | D98: Iwate | G98: Solar power | H98: September, 2022
C99: 相馬坪田太陽光発電所 | D99: 福島県 | E99: 0.4 | F99: 39.7 | G99: 太陽光 | H99: 44593
C100: Soma Tsubota Solar Power Plant | D100: Fukushima | G100: Solar power | H100: February, 2022
C101: レーベンエナジー1号 各発電所 | D101: - | E101: - | F101: 35.5 | G101: 太陽光 | H101: 2018年10月－2020年10月
...

Sheet 11海外発電所
A1: 海外発電所 International power plants | H1: 2026年6月末時点 As of the end of June 2026
A3: ■Daigasグループの発電施設 ■Power plants of Daigas group
C4: 発電所名 Name | D4: 場所 Location | E4: 発電設備容量 (MW)*2 Capacity (MW)*2 | F4: 出資比率 Shareholding Ratio | G4: 燃料/発電方式 Source | H4: 運転開始時期 Start of operation
A5: 運転中 Operating | C5: 火力発電所
C6: Thermal Power Plants
C7: シュワイハットS2発電造水事業 | D7: UAE アブダビ | E7: 1510 | F7: 0.1 | G7: 天然ガス・GTCC、造水 | H7: 40817
C8: Shuweihat S2 IWPP | D8: UAE Abu Dhabi | G8: Natural gas, GTCC, water production | H8: October, 2011
C9: トワンティック | D9: 米国 コネチカット州 | E9: 785 | F9: 0.495 | G9: 天然ガス・GTCC | H9: 2018年12月 *3
C10: Towantic | D10: Connecticut, USA | G10: Natural gas, GTCC | H10: December, 2018 *3
C11: フェアビュー | D11: 米国 ペンシルベニア州 | E11: 1050 | F11: 0.5 | G11: 天然ガス・GTCC | H11: 43800
C12: Fairview | D12: Pennsylvania, USA | G12: Natural gas, GTCC | H12: December, 2019
C13: スリーリバーズ | D13: 米国 イリノイ州 | E13: 1250 | F13: 0.25 | G13: 天然ガス・GTCC | H13: 45108
C14: Three Rivers | D14: Illinois, USA | G14: Natural gas, GTCC | H14: July, 2023
C15: 火力 小計 | E15: =SUM(E7,E9,E11,E13) -> 4595
C16: Subtotal capacity / Termal
C17: 持分電源容量（火力）小計 | E17: =SUM(ROUND(E7*F7,0),ROUND(E9*F9,0),ROUND(E11*F11,0),ROUND(E13*F13,1)) -> 1377.5
C18: Subtotal capacity of Daigas Group/ Termal
C19: 再生可能エネルギー発電所
C20: Renewable Energy Power Plants
C21: ハレット４ | D21: 豪 サウスオーストラリア州 | E21: 132 | F21: 0.399 | G21: 風力 | H21: 40695
C22: Hallett 4 Wind Farm Project | D22: Australia, South Australia | G22: Wind power | H22: June, 2011
C23: ブライターフューチャー | D23: 米国 ノースカロライナ州 | E23: 15.7 | F23: 0.5 | G23: 太陽光 | H23: 44562
C24: Brighter Future Solar project | D24: North Carolina, USA | G24: Solar power | H24: January, 2022
C25: SREOG ME Solar 各発電所*4 | D25: 米国 メーン州 | E25: 79.9 | F25: - | G25: 太陽光 | H25: 44682
C26: SREOG ME Solar, Solar Power Plants*4 | D26: Maine, USA | G26: Solar power | H26: May, 2022
C27: SREOG IL Solar 各発電所*4 | D27: 米国 イリノイ州 | E27: 38.3 | F27: - | G27: 太陽光 | H27: 45078
C28: SREOG IL Solar, Solar Power Plants*4 | D28: Illinois, USA | G28: Solar power | H28: June, 2023
C29: ソルエナジー 各発電所 | D29: ベトナム | E29: 14.6 | F29: - | G29: 太陽光 | H29: 45200
C30: SOL Energy | D30: Vietnam | G30: Solar power | H30: October, 2023
C31: SREOG VA Solar 各発電所*4 | D31: 米国 バージニア州 | E31: 38.2 | F31: - | G31: 太陽光 | H31: 45658
C32: SREOG VA Solar, Solar Power Plants*4 | D32: Virginia, USA | G32: Solar power | H32: January, 2025
C33: Clean Max Osaka Gas Renewable Energy各発電所 | D33: インド | E33: 208.4 | F33: - | G33: 太陽光 | H33: 2025年3月*5
C34: Clean Max Osaka Gas Renewable Energy, Solar Power Plants | D34: India | G34: Solar power | H34: March, 2025*5
C35: Clean Max Osaka Gas Renewable Energy各発電所 | D35: インド | E35: 66.3 | F35: - | G35: 風力 | H35: 2025年3月*5
C36: Clean Max Osaka Gas Renewable Energy, Wind Power Plants | D36: India | G36: Wind power | H36: March, 2025*5
C37: 持分電源容量 (再生可能エネルギー) 小計 | E37: 292 | F37: - | H37: -
C38: Subtotal capacity of Daigas Group/Renewable Energy
C39: 持分電源容量 (運転中) 合計 | E39: =E17+E37 -> 1669.5
C40: Subtotal capacity of Daigas Group/Operating
A41: 建設中等 *1 Under construction*1 | C41: 再生可能エネルギー発電所
C42: Renewable Energy Power Plants
C43: SREOG VA Solar 各発電所*4 | D43: 米国 バージニア州 | E43: 75.9 | F43: - | G43: 太陽光 | H43: 2023年5月*6
C44: SREOG VA Solar, Solar Power Plants | D44: Virginia, USA | G44: Solar power | H44: May, 2023*6
C45: ソルエナジー 各発電所 | D45: ベトナム | E45: 12.4 | F45: - | G45: 太陽光 | H45: 2021年10月*6
C46: SOL Energy | D46: Vietnam | G46: Solar power | H46: October, 2021*6
C47: Clean Max Osaka Gas Renewable Energy各発電所 | D47: インド | E47: 10 | F47: - | G47: 太陽光 | H47: 2025年3月*5
C48: Clean Max Osaka Gas Renewable Energy, Solar Power Plants | D48: India | G48: Solar power | H48: March, 2025*5
C49: 持分電源容量 (再生可能エネルギー) 小計 | E49: 84
C50: Subtotal capacity of Daigas Group/ Renewable energy
C51: 持分電源容量 (海外運転中・建設中) 合計 | E51: =E39+E49 -> 1753.5
C52: Total capacity of Daigas Group/ International
C53: *1 意思決定済みで未着工の案件を含む Including projects decided but not yet under construction
C54: *2 太陽光の発電設備容量はパネル容量を表す Solar capacity represents panel capacity
C55: *3 取得年月を表すAcquisition year and month
C56: *4 持分容量を表すGeneration capacity of Daigas Group
C57: *5 契約締結年月を表すContract conclusion year and month
C58: *6 設立年月を表すEstablishment year and month
A60: ■Daigasグループの蓄電所 ■Battery Energy Storage Service projects of Daigas group
C61: 発電所名 Name | D61: 場所 Location | E61: 定格容量(MWh)/定格出力 (MW) Rated Capacity (MWh) / Rated Output (MW) | F61: 出資比率 Shareholding Ratio | G61: 燃料/発電方式 Source | H61: 運転開始時期 Start of operation
B62: 運転中 | C62: ニューヨーク州 系統用蓄電池事業 | D62: 米国 ニューヨーク州 | E62: 31MWh / 8MW | F62: - | G62: リチウムイオン電池 | H62: 2023年
B63: Operating | C63: Summit Ridge Energy | D63: New York, USA | G63: Lithium ion battery | H63: Year 2023

Sheet 12企業情報
A1: 企業情報 Corporate Information
A2: 従業員、子会社等 Employees, subsidiaries, etc. | C2: 16.3 | D2: 17.3 | E2: 18.3 | F2: 19.3 | G2: 20.3 | H2: 21.3 | I2: 22.3 | J2: 23.3 | K2: 24.3 | L2: 25.3 | M2: 26.3
A3: 従業員数 Number of employees | B3: 人 person | C3: 20844 | D3: 20762 | E3: 19997 | F3: 20224 | G3: 20543 | H3: 20941 | I3: 20961 | J3: 21017 | K3: 21159 | L3: 21404 | M3: 21835
A4: 連結子会社数 Number of consolidated subsidiaries | B4: 社 society | C4: 149 | D4: 150 | E4: 138 | F4: 150 | G4: 156 | H4: 154 | I4: 150 | J4: 154 | K4: 159 | L4: 163 | M4: 154
A5: 持分法適用関連会社数 Number of equity-method affiliates | B5: 社 society | C5: 16 | D5: 18 | E5: 19 | F5: 23 | G5: 23 | H5: 27 | I5: 30 | J5: 32 | K5: 42 | L5: 47 | M5: 50
A6: 1. 各3月末時点 1. As of the end of March
A8: 株式情報 / Stock Information | C8: 16.3 | D8: 17.3 | E8: 18.3 | F8: 19.3 | G8: 20.3 | H8: 21.3 | I8: 22.3 | J8: 23.3 | K8: 24.3 | L8: 25.3 | M8: 26.3
A9: ■所有者別状況 / ■ Status by Owner
A10: 政府及び地方公共団体 Government and Local Governments | B10: % | C10: 0 | D10: 0 | E10: 0 | F10: 0 | G10: 0 | H10: 0 | I10: 0 | J10: 0 | K10: 0 | L10: 0 | M10: 0
A11: 金融機関 Financial Institutions | B11: % | C11: 38.37 | D11: 37.87 | E11: 39.67 | F11: 40.73 | G11: 43.42 | H11: 40.97 | I11: 40.79 | J11: 39.6 | K11: 39.07 | L11: 39.34 | M11: 35.14
A12: 金融商品取引業者 Financial Instruments Business Operator | B12: % | C12: 1.29 | D12: 1.87 | E12: 1.73 | F12: 1.92 | G12: 1.66 | H12: 2.5 | I12: 2.6 | J12: 2.5 | K12: 2.91 | L12: 3.11 | M12: 2.91
A13: その他の法人 Other Corporations | B13: % | C13: 7.61 | D13: 7.59 | E13: 7.36 | F13: 7.18 | G13: 7.16 | H13: 6.76 | I13: 6.58 | J13: 6.38 | K13: 6.38 | L13: 5.99 | M13: 5.96
A14: 外国法人等 Foreign corporations, etc. | B14: % | C14: 26.65 | D14: 27.39 | E14: 26.64 | F14: 26.64 | G14: 24.26 | H14: 27.06 | I14: 27.63 | J14: 29.86 | K14: 30.72 | L14: 29.29 | M14: 32.55
A15: 個人その他 Individuals and others | B15: % | C15: 26.08 | D15: 25.28 | E15: 24.6 | F15: 23.54 | G15: 23.51 | H15: 22.72 | I15: 22.39 | J15: 21.66 | K15: 20.92 | L15: 22.27 | M15: 23.43
A16: 計 Total | B16: % | C16: 100 | D16: 100 | E16: 100 | F16: 100 | G16: 100 | H16: 100 | I16: 100 | J16: 100 | K16: 100 | L16: 100 | M16: 100
A17: ■配当額の推移 ■ Trends in Dividend Amounts
A18: 一株当たり年間配当金 Annual dividend per share | B18: 円 yen | C18: 50 | D18: 50 | E18: 50 | F18: 50 | G18: 50 | H18: 52.5 | I18: 57.5 | J18: 60 | K18: 82.5 | L18: 95 | M18: 120
A19: 年間配当金総額 Total Annual Dividends | B19: 百万円 million yen | C19: 20804 | D19: 20797 | E19: 20793 | F19: 20791 | G19: 20789 | H19: 21827 | I19: 23903 | J19: 24940 | K19: 33958 | L19: 38008 | M19: 46455
A20: ■自己株式の取得 ■ Acquisition of Treasury Stock
A21: 取得総額 Total Acquisition Amount | B21: 百万円 million yen | C21: 0 | D21: 0 | E21: 0 | F21: 0 | G21: 0 | H21: 0 | I21: 0 | J21: 0 | K21: 19999 | L21: 39999 | M21: 63166
A22: 取得株式数 Number of shares acquired | B22: 千株 thousand plants | C22: 0 | D22: 0 | E22: 0 | F22: 0 | G22: 0 | H22: 0 | I22: 0 | J22: 0 | K22: 6767.9 | L22: 12030.3 | M22: 13609
A23: 1. ■自己株式の取得 - 自己株式の取得は、発表年度による記載。24.3：2023年10月30日～2024年2月29日 25.3：2024年5月9日～2025年9月12日、2024年11月1日～2025年3月24日 26.3：2025年5月9日～2026年3月31日
A24: 1. ■ Acquisition of Treasury Stock - Treasury stock acquisitions are indicated according to the year of announcement.
A25: 24.3: October 30, 2023 ~ February 29, 2024 25.3: May 9, 2024 ~ September 12, 2025, November 1, 2024 ~ March 24, 2025 26.3: May 9, 2025 ~ March 31, 2026
A26: 2. 各3月末時点 / 2. As of the end of March
A27: 3. 17.3期以前は、2017年10月の株式併合影響（5→1株）を考慮して算定 / 3. For periods prior to 17.3, calculations take into account the impact of the stock consolidation in October 2017 (5→1 share).

Sheet 13財務データ
A1: 財務情報 Financial data
C2: 16.3 | D2: 17.3 | E2: 18.3 | F2: 19.3 | G2: 20.3 | H2: 21.3 | I2: 22.3 | J2: 23.3 | K2: 24.3 | L2: 25.3 | M2: 26.3
A3: ■売上高・利益 ■ Sales and Profit
A4: 売上高 Net sales | B4: 百万円 million yen | C4: 1322012 | D4: 1183846 | E4: 1296238 | F4: 1371863 | G4: 1368689 | H4: 1364106 | I4: 1591120 | J4: 2275113 | K4: 2083050 | L4: 2069019 | M4: 2030302
A5: 営業利益 Operating profit | B5: 百万円 million yen | C5: 146674 | D5: 97250 | E5: 78118 | F5: 67977 | G5: 83792 | H5: 112491 | I5: 99201 | J5: 60001 | K5: 172553 | L5: 160731 | M5: 174809
A6: 経常利益 Ordinary profit | B6: 百万円 million yen | C6: 134986 | D6: 96276 | E6: 77087 | F6: 63103 | G6: 86018 | H6: 127752 | I6: 113525 | J6: 75649 | K6: 226563 | L6: 189647 | M6: 204522
A7: 親会社株主に帰属する当期純利益 Profit attributable to owners of parent | B7: 百万円 million yen | C7: 84324 | D7: 61271 | E7: 37724 | F7: 33601 | G7: 41788 | H7: 80857 | I7: 130421 | J7: 57110 | K7: 132679 | L7: 134414 | M7: 152751
A8: セグメント利益 Segment Profit | B8: 百万円 million yen | C8: 142136 | D8: 99036 | E8: 78376 | F8: 69073 | G8: 89018 | H8: 126109 | I8: 112043 | J8: 72931 | K8: 204536 | L8: 181384 | M8: 198748
A9: タイムラグ差損益 Time lag profit and loss | B9: 百万円 million yen | C9: 81712 | D9: 13789 | E9: 519 | F9: -13273 | G9: 6513 | H9: 1696 | I9: -62321 | J9: -34711 | K9: 28523 | L9: 4278 | M9: 9135
A10: 数理計算上の差異の費用処理額（利益影響） Expense Processing Amount for Actuarial Differences (Impact on Profit) | B10: 百万円 million yen | C10: -676 | D10: -8906 | E10: -9272 | F10: -2591 | G10: 3396 | H10: 2884 | I10: 7146 | J10: 10289 | K10: 9701 | L10: 8225 | M10: 7700
A11: ■資産・負債 ■ Assets and Liabilities
A12: 総資産 Total assets | B12: 百万円 million yen | C12: 1829756 | D12: 1886577 | E12: 1897230 | F12: 2029722 | G12: 2140482 | H12: 2313357 | I12: 2588086 | J12: 2819589 | K12: 2980127 | L12: 3200525 | M12: 3321405
A13: 純資産 net assets | B13: 百万円 million yen | C13: 935786 | D13: 991870 | E13: 1028799 | F13: 1035044 | G13: 1027667 | H13: 1114597 | I13: 1296089 | J13: 1417178 | K13: 1604992 | L13: 1739291 | M13: 1854028
A14: 自己資本 equity capital | B14: 百万円 million yen | C14: 906623 | D14: 961905 | E14: 999569 | F14: 1004340 | G14: 997492 | H14: 1081881 | I14: 1271617 | J14: 1391421 | K14: 1577512 | L14: 1688794 | M14: 1806042
A15: 負債 Debt | B15: 百万円 million yen | C15: 893970 | D15: 894706 | E15: 868430 | F15: 994678 | G15: 1112815 | H15: 1198759 | I15: 1291996 | J15: 1402410 | K15: 1375135 | L15: 1461234 | M15: 1467377
A16: 有利子負債 interest-bearing debt | B16: 百万円 million yen | C16: 567164 | D16: 540668 | E16: 503789 | F16: 647465 | G16: 754006 | H16: 785383 | I16: 815079 | J16: 981556 | K16: 938292 | L16: 972423 | M16: 940735
A17: 発行済みハイブリッド社債 Issued hybrid corporate bonds | B17: 百万円 million yen | C17: - | D17: - | E17: - | F17: - | G17: 100000 | H17: 175000 | I17: 175000 | J17: 175000 | K17: 175000 | L17: 175000 | M17: 175000
A18: ■キャッシュ・フロー ■ Cash Flow
A19: 営業活動によるキャッシュ・フロー Cash flows from operating activities | B19: 百万円 million yen | C19: 281819 | D19: 148801 | E19: 168731 | F19: 65116 | G19: 182892 | H19: 219797 | I19: 145350 | J19: 33572 | K19: 312609 | L19: 283681 | M19: 340740
A20: 投資活動によるキャッシュ・フロー Cash flows from investing activities | B20: 百万円 million yen | C20: -144198 | D20: -137527 | E20: -110456 | F20: -204192 | G20: -232266 | H20: -198354 | I20: -152163 | J20: -203938 | K20: -215944 | L20: -255626 | M20: -241852
A21: 財務活動によるキャッシュ・フロー Cash flows from financing activities | B21: 百万円 million yen | C21: -90716 | D21: -50530 | E21: -51591 | F21: 85262 | G21: 79272 | H21: -1636 | I21: -30479 | J21: 119617 | K21: -110123 | L21: -34085 | M21: -129177
A22: フリーキャッシュフロー free cash flow | B22: 百万円 million yen | C22: 137620 | D22: 11274 | E22: 58274 | F22: -139076 | G22: -49374 | H22: 21443 | I22: -6813 | J22: -170365 | K22: 96665 | L22: 28055 | M22: 98888
A23: 現金及び現金同等物の期末残高 Cash and cash equivalents at end of period | B23: 百万円 million yen | C23: 209367 | D23: 166912 | E23: 171061 | F23: 115769 | G23: 146813 | H23: 166762 | I23: 130769 | J23: 84793 | K23: 77229 | L23: 82309 | M23: 58492
C24: 16.3 | D24: 17.3 | E24: 18.3 | F24: 19.3 | G24: 20.3 | H24: 21.3 | I24: 22.3 | J24: 23.3 | K24: 24.3 | L24: 25.3 | M24: 26.3
A25: ■投資 ■ Investment
A26: 投資額合計（1+2） Total investment amount (1+2) | B26: 百万円 million yen | C26: 153902 | D26: 134046 | E26: 115494 | F26: 210164 | G26: 225896 | H26: 221383 | I26: 209261 | J26: 237249 | K26: 239588 | L26: 283125 | M26: 283320
A27: 品質向上投資 1 Quality Improvement Investment 1 | B27: 百万円 million yen | C27: 56051 | D27: 48253 | E27: 42191 | F27: 44205 | G27: 57498 | H27: 68873 | I27: 67931 | J27: 65019 | K27: 73367 | L27: 73706 | M27: 79851
A28: 成長投資 2 Growth Investment 2 | B28: 百万円 million yen | C28: 97850 | D28: 85792 | E28: 73303 | F28: 165958 | G28: 168398 | H28: 152510 | I28: 141329 | J28: 172229 | K28: 166220 | L28: 209419 | M28: 203468
A29: 設備投資額（投資額合計の内数） Capital Investment Amount (Amount of Total Investment) | B29: 百万円 million yen | C29: 114418 | D29: 88657 | E29: 81716 | F29: 107259 | G29: 131010 | H29: 189454 | I29: 189317 | J29: 195330 | K29: 198421 | L29: 221735 | M29: 255499
A30: 1. セグメント利益 (■売上高・利益) - --[ 営業利益＋持分法投資損益] 1. Segment Profit (■Net Sales/Profit) - -- [Operating Profit + Equity-method Investment Gain/Loss]
A31: 2. タイムラグ差損益 (■売上高・利益) - --原・燃料費調整制度に基づき、原・燃料価格の変動を販売単価に反映するまでの一時的な増減益。21.3期から電力事業のタイムラグ差損益を含む
A32: 2. Time lag profit or loss (■ Net sales and profit) - -- A temporary increase or decrease in profit or decrease until fluctuations in raw and fuel prices are reflected in the selling unit price under the raw material and fuel cost adjustment system.
A33: Including time lag profit and loss from the power business from the third fiscal year of 21.
A34: 3. 総資産 (■資産・負債) - --18.3期実績は「税効果会計に係る会計基準」の一部改正を考慮して算定
A35: 3. Total Assets (■ Assets & Liabilities) - -- 18. Results for the third period were calculated considering partial revisions to the "Accounting Standards for Tax Effect Accounting."
A36: 4. 負債 (■資産・負債) - --18.3期実績は「税効果会計に係る会計基準」の一部改正を考慮して算定 4. Liabilities (■ Assets and Liabilities) - -- Third Fiscal Year results calculated considering partial revisions to the "Accounting Standards for Tax Effect Accounting"
A37: 5. 発行済みハイブリッド社債 (■資産・負債) - --有利子負債の内数 5. Issued Hybrid Bonds (■ Assets & Liabilities) - -- Amount of interest-bearing debt
A38: 6. フリーキャッシュフロー (■キャッシュ・フロー) - --[営業活動によるキャッシュ・フロー + 投資活動によるキャッシュ・フロー] 6. Free Cash Flow (■ Cash Flow) - -- [Cash Flow from Operating Activities + Cash Flow from Investing Activities]
A39: 7. 設備投資額（投資額合計の内数） (■投資) - --[投資額合計-出資額(M&A、既存関係会社への追加出資等）] 7. Capital Investment Amount (Amount of Total Investment) (■Investment) - -- [Total Investment - Investment Amount (M&A, Additional Investment in Existing Affiliates, etc.)]
A40: 8. BS関連項目は各3月末時点 8. BS-related items as of the end of March
A41: 9. 23.3期より「連結財務諸表規則」に基づき連結財務諸表を作成(22.3期以前は「連結財務諸表規則」及び「ガス事業会計規則」に基づき作成）。22.3期は当該規則を遡って適用した数値。また23.3期末の税効果会計の計算をグループ通算ベースで実施。
... A44: 10. 24.3期から当社及び一部の国内連結子会社はグループ通算制度へ移行。 10. From the third fiscal year of 2024, our company and some domestic consolidated subsidiaries will transition to the group consolidation system.
A45: 主要な経営指標 Key Management Indicators | C45: 16.3 | D45: 17.3 | E45: 18.3 | F45: 19.3 | G45: 20.3 | H45: 21.3 | I45: 22.3 | J45: 23.3 | K45: 24.3 | L45: 25.3 | M45: 26.3
A46: ■収益性 ■ Profitability
A47: 売上高営業利益率 Operating profit margin on sales | B47: % | C47: 11.1 | D47: 8.2 | E47: 6 | F47: 5 | G47: 6.1 | H47: 8.2 | I47: 6.2346649 | J47: 2.6 | K47: 8.3 | L47: 7.8 | M47: 8.6
A48: 売上高経常利益率 Ordinary Profit Margin | B48: % | C48: 10.2 | D48: 8.1 | E48: 5.9 | F48: 4.6 | G48: 6.3 | H48: 9.4 | I48: 7.1349113 | J48: 3.3 | K48: 10.9 | L48: 9.17 | M48: 10.073477
A49: 売上高当期純利益率 Profit margin on net sales | B49: % | C49: 6.4 | D49: 5.2 | E49: 2.9 | F49: 2.4 | G49: 3.1 | H49: 5.9 | I49: 8.1968048 | J49: 2.5 | K49: 6.4 | L49: 6.5 | M49: 7.5235605
A50: ■効率性 ■ Efficiency
A51: 総資産当期純利益率（ROA） Return on Assets (ROA) | B51: % | C51: 4.6 | D51: 3.3 | E51: 2 | F51: 1.7 | G51: 2 | H51: 3.6 | I51: 5.3 | J51: 2.1 | K51: 4.6 | L51: 4.2 | M51: 4.6842269
A52: 自己資本当期純利益率（ROE） Return on Equity (ROE) | B52: % | C52: 9.4 | D52: 6.6 | E52: 3.8 | F52: 3.4 | G52: 4.2 | H52: 7.8 | I52: 11 | J52: 4.3 | K52: 8.9 | L52: 8.2 | M52: 8.7
A53: 投下資本利益率（ROIC） Return on Invested Capital (ROIC) | B53: % | C53: - | D53: - | E53: - | F53: - | G53: - | H53: 6.2 | I53: 7.1 | J53: 2.7 | K53: 7 | L53: 5.4 | M53: 5.8
A54: 総資産回転率 Total Asset Turnover | B54: 回 Return | C54: 0.72 | D54: 0.64 | E54: 0.69 | F54: 0.7 | G54: 0.66 | H54: 0.61 | I54: 0.65 | J54: 0.84 | K54: 0.72 | L54: 0.67 | M54: 0.62260773
A55: ■安全性 ■ Safety
A56: 自己資本比率① Equity Ratio (1) | B56: % | C56: 49.5 | D56: 51 | E56: 52.7 | F56: 49.5 | G56: 48.9 | H56: 50.549101 | I56: 52.5 | J56: 52.5 | K56: 55.9 | L56: 55.5 | M56: 57
A57: 自己資本比率② Capital Adequacy Ratio (2) | B57: % | C57: 49.5 | D57: 51 | E57: 52.7 | F57: 49.5 | G57: 46.6 | H57: 46.766719 | I57: 49.1 | J57: 49.3 | K57: 52.9 | L57: 52.8 | M57: 54.4
A58: D/E比率① D/E ratio (1) | B58: 倍 times | C58: 0.63 | D58: 0.56 | E58: 0.5 | F58: 0.64 | G58: 0.67 | H58: 0.6 | I58: 0.54 | J58: 0.6 | K58: 0.51 | L58: 0.5 | M58: 0.45
A59: D/E比率② D/E ratio (2) | B59: 倍 times | C59: 0.63 | D59: 0.56 | E59: 0.5 | F59: 0.64 | G59: 0.76 | H59: 0.73 | I59: 0.64 | J59: 0.71 | K59: 0.59 | L59: 0.58 | M59: 0.52
A60: 有利子負債 / EBITDA倍率 Interest-bearing debt / EBITDA ratio | B60: 倍 times | C60: 2.48 | D60: 2.87 | E60: 3.01 | F60: 4.05 | G60: 4.17 | H60: 3.45 | I60: 3.76 | J60: 5.092 | K60: 2.86 | L60: 3.15 | M60: 2.8175251
A61: インタレスト・カバレッジ・レシオ Interest Coverage Ratio | B61: 倍 times | C61: 28.17 | D61: 15.48 | E61: 17.75 | F61: 6.43 | G61: 15 | H61: 19.82 | I61: 13.98 | J61: 2.55 | K61: 21.65 | L61: 18.5 | M61: 24.725346
A62: 一株当たり当期純利益 (EPS) Earnings per Share (EPS) | B62: 円/株 yen/share | C62: 202.64 | D62: 147.29 | E62: 90.71 | F62: 80.8 | G62: 100.5 | H62: 194.48 | I62: 313.69 | J62: 137.39 | K62: 320.6 | L62: 333.31 | M62: 391.15
A63: 一株当たり純資産 (BPS) Net Assets Per Share (BPS) | B63: 円/株 yen/share | C63: 2179.23 | D63: 2312.68 | E63: 2403.68 | F63: 2415.37 | G63: 2399.06 | H63: 2602.18 | I63: 3059.4 | J63: 3347.34 | K63: 3857.5 | L63: 4254.1 | M63: 4705
A64: 一株当たりキャッシュ・フロー (CFPS) Cash Flow Per Share (CFPS) | B64: 円/株 yen/share | C64: 677.25 | D64: 357.71 | E64: 405.72 | F64: 156.59 | G64: 439.86 | H64: 528.65 | I64: 349.59 | J64: 80.8 | K64: 755.4 | L64: 703.4 | M64: 872.53502
A65: 株価収益率 (PER) Price-to-earnings ratio (PER) | B65: 倍 times | C65: 10.67 | D65: 14.36 | E65: 23.15 | F65: 27.03 | G65: 20.26 | H65: 11.09 | I65: 6.67 | J65: 15.874 | K65: 10.58 | L65: 10.15 | M65: 16.31
A66: 株価純資産倍率 (PBR) Price-to-Book Ratio (PBR) | B66: 倍 times | C66: 0.99 | D66: 0.91 | E66: 0.87 | F66: 0.9 | G66: 0.85 | H66: 0.83 | I66: 0.68 | J66: 0.652 | K66: 0.88 | L66: 0.8 | M66: 1.3562168
A67: 株価キャッシュ・フロー倍率 (PCFR) Price-to-Cash Flow Ratio (PCFR) | B67: 倍 times | C67: 3.19 | D67: 5.91 | E67: 5.17 | F67: 13.95 | G67: 4.63 | H67: 4.08 | I67: 5.98 | J67: 26.99 | K67: 4.5 | L67: 4.81 | M67: 7.3131735
C68: 16.3 | D68: 17.3 | E68: 18.3 | F68: 19.3 | G68: 20.3 | H68: 21.3 | I68: 22.3 | J68: 23.3 | K68: 24.3 | L68: 25.3 | M68: 26.3
A69: EBITDA | B69: 百万円 million yen | C69: 228883 | D69: 188403 | E69: 167100 | F69: 159916 | G69: 180943 | H69: 227554 | I69: 220946 | J69: 192754 | K69: 328101 | L69: 308934 | M69: 333887
A70: EV | B70: 百万円 million yen | C70: 1286413 | D70: 1283406 | E70: 1235033 | F70: 1470535 | G70: 1483904 | H70: 1548130 | I70: 1578308 | J70: 1829117 | K70: 2275687 | L70: 2283587 | M70: 3379614
A71: EV / EBITDA | B71: 倍 times | C71: 5.62 | D71: 6.81 | E71: 7.39 | F71: 9.2 | G71: 8.2 | H71: 6.8 | I71: 7.29 | J71: 9.49 | K71: 6.94 | L71: 7.39 | M71: 10.12
A72: 一株当たり配当額 Dividend per share | B72: 円/株 yen/share | C72: 50 | D72: 50 | E72: 50 | F72: 50 | G72: 50 | H72: 52.5 | I72: 57.5 | J72: 60 | K72: 82.5 | L72: 95 | M72: 120
A73: 株主資本配当率 (DOE) Dividend Rate on Equity (DOE) | B73: % | C73: 2.5 | D73: 2.4 | E73: 2.3 | F73: 2.2 | G73: 2.2 | H73: 2.2 | I73: 2.2 | J73: 2.2 | K73: 2.8 | L73: - | M73: 3.5
A74: 配当性向 Payout ratio | B74: % | C74: 24.7 | D74: 33.9 | E74: 55.1 | F74: 61.9 | G74: 49.8 | H74: 27 | I74: 18.3 | J74: 43.7 | K74: 25.7 | L74: 28.5 | M74: 30.7
A75: 配当利回り Dividend yield | B75: % | C75: 2.3 | D75: 2.4 | E75: 2.4 | F75: 2.3 | G75: 2.5 | H75: 2.43 | I75: 2.8 | J75: 2.8 | K75: 2.4 | L75: - | M75: 1.880583
A76: 株主総利回り (TSR) Gross Shareholder Return (TSR) | B76: % | C76: 88 | D76: 88.1 | E76: 89.5 | F76: 94.8 | G76: 116.9 | H76: 125.8 | I76: 125.4 | J76: 133 | K76: 199.2 | L76: 203.6 | M76: 326
A77: 1. 売上高営業利益率 (■収益性) - --[営業利益 / 売上高 × 100] 1. Operating Profit Margin on Sales (■ Profitability) - --[Operating Profit / Net Sales × 100]
A78: 2. 売上高経常利益率 (■収益性) - --[経常利益 / 売上高 × 100] 2. Ordinary Profit Margin (■ Profitability) - --[Ordinary Profit / Net Sales × 100]
A79: 3. 売上高当期純利益率 (■収益性) - --[親会社株主に帰属する当期純利益 / 売上高 × 100] 3. Net Profit Margin on Sales (■ Profitability) - --[Net Income Attributable to Parent Company Shareholders / Net Sales × 100]
A80: 4. 総資産当期純利益率（ROA） (■効率性) - --[親会社株主に帰属する当期純利益 / 平均総資産 ×100] 4. Return on Total Assets (ROA) (■ Efficiency) - --[Net Income Attributable to Parent Shareholders / Average Total Assets ×100]
A81: 5. 自己資本当期純利益率（ROE） (■効率性) - --[親会社株主に帰属する当期純利益 / 平均自己資本 ×100] 5. Return on Equity (ROE) (■ Efficiency) - --[Net Income Attributable to Parent Shareholders / Average Equity ×100]
A82: 6. 投下資本利益率（ROIC） (■効率性) - --[NOPAT / 平均投下資本 ×100] NOPAT ＝経常利益＋金融費用（支払利息 - 受取利息） - 法人税等、投下資本＝自己資本＋有利子負債残高 (当社にリスクのないリース負債除く）
A83: 6. Return on invested capital (ROIC) (■ efficiency) - -- [NOPAT / Average invested capital ×100] NOPAT = Ordinary profit + Financial expenses (interest paid - Interest received) - Corporate tax, etc., invested capital = Equity + Interest-bearing debt balance
A84: (excluding lease liabilities that pose no risk to the company)
A85: 7. 総資産回転率 (■効率性) - --[売上高 / 平均総資産] 7. Total Asset Turnover (■ Efficiency) - -- [Net Sales / Average Total Assets]
A86: 8. ■安全性 - 自己資本比率① --- [期末自己資本 / 期末総資産 × 100] 発行済ハイブリッド社債の資本性50%考慮 8. ■ Safety - Equity Ratio (1) --- [Period-end Equity / Ending Total Assets × 100] Considering 50% Capital Ratio of Issued Hybrid Bonds
A87: 9. ■安全性 - 自己資本比率② --- [期末自己資本 / 期末総資産 × 100] 9. ■ Safety - Equity Ratio (2) --- [Period-end Equity / Period-end Total Assets × 100]
A88: 10. ■安全性 - D/E比率① --- [期末有利子負債 / 期末自己資本] 発行済ハイブリッド社債の資本性50%考慮 10. ■ Safety - D/E Ratio (1) --- [End-of-Period Interest-Bearing Debt / Period-End Equity] Considering 50% Capital Value of Issued Hybrid Bonds
... A115: 31. 24.3期から当社及び一部の国内連結子会社はグループ通算制度へ移行。 31. From the third fiscal year of 2024, our company and some domestic consolidated subsidiaries will transition to the group consolidation system.
C116: 16.3 | D116: 17.3 | E116: 18.3 | F116: 19.3 | G116: 20.3 | H116: 21.3 | I116: 22.3 | J116: 23.3 | K116: 24.3 | L116: 25.3 | M116: 26.3
A117: 売上高 Net sales | B117: 百万円 million yen | C117: 1322012 | D117: 1183846 | E117: 1296238 | F117: 1371863 | G117: 1368689 | H117: 1364106 | I117: 1591120 | J117: 2275113 | K117: 2083050 | L117: 2069019 | M117: 2030302
A118: 売上原価 Cost of goods sold | B118: 百万円 million yen | C118: 814760 | D118: 745139 | E118: 874437 | F118: 981086 | G118: 961983 | H118: 921777 | I118: 1276354 | J118: 1992892 | K118: 1672681 | L118: 1663441 | M118: 1592785
A119: 売上総利益 Gross profit | B119: 百万円 million yen | C119: 507251 | D119: 438707 | E119: 421800 | F119: 390777 | G119: 406705 | H119: 442328 | I119: 314766 | J119: 282221 | K119: 410368 | L119: 405577 | M119: 437516
A120: 供給販売費及び一般管理費 Supply and selling expenses and general and administrative expenses | B120: 百万円 million yen | C120: 360576 | D120: 341457 | E120: 343681 | F120: 322800 | G120: 322913 | H120: 329836 | I120: 215564 | J120: 222219 | K120: 237814 | L120: 244846 | M120: 262706
A121: 営業利益 Operating profit | B121: 百万円 million yen | C121: 146674 | D121: 97250 | E121: 78118 | F121: 67977 | G121: 83792 | H121: 112491 | I121: 99201 | J121: 60001 | K121: 172553 | L121: 160731 | M121: 174809
A122: 営業外収益合計 Total Non-operating Revenue | B122: 百万円 million yen | C122: 9867 | D122: 14160 | E122: 15491 | F122: 14600 | G122: 24746 | H122: 32941 | I122: 32767 | J122: 38950 | K122: 78305 | L122: 54277 | M122: 54635
A123: 受取利息 Interest received | B123: 百万円 million yen | C123: 448 | D123: 386 | E123: 453 | F123: 584 | G123: 4262 | H123: 2348 | I123: 2017 | J123: 4308 | K123: 10212 | L123: 12020 | M123: 12839
A124: 受取配当金 Dividends Received | B124: 百万円 million yen | C124: 3262 | D124: 3163 | E124: 4151 | F124: 4465 | G124: 7070 | H124: 3378 | I124: 3179 | J124: 3894 | K124: 4086 | L124: 6716 | M124: 4943
A125: 為替差益 exchange gain | B125: 百万円 million yen | C125: - | D125: - | E125: - | F125: - | G125: - | H125: - | I125: - | J125: - | K125: - | L125: - | M125: -
A126: 持分法による投資利益 Equity-method investment returns | B126: 百万円 million yen | C126: - | D126: 1785 | E126: - | F126: - | G126: 5225 | H126: 13618 | I126: 12841 | J126: 12929 | K126: 31982 | L126: 20653 | M126: 23938
A127: 関係会社投資有価証券売却益 Gains from Securities Sale of Affiliated Company Investments | B127: 百万円 million yen | C127: - | D127: - | E127: - | F127: - | G127: - | H127: 3694 | I127: - | J127: - | K127: - | L127: - | M127: -
A128: 設備負担金収入 Income from equipment contribution fees | B128: 百万円 million yen | C128: - | D128: 2404 | E128: - | F128: - | G128: - | H128: - | I128: - | J128: - | K128: - | L128: - | M128: -
...

Sheet 14 セグメント
A1: セグメント別 by Segment
B3: セグメント別情報 Segment Information | D3: 16.3 | E3: 17.3 | F3: 18.3 | G3: 19.3 | H3: 20.3 | I3: 21.3 | J3: 22.3 | K3: 23.3 | L3: 24.3 | M3: 25.3 | N3: 26.3
B4: ■売上高 ■ Sales
B5: 連結 Consolidated | C5: 百万円 million yen | D5: 1322012 | E5: 1183846 | F5: 1296238 | G5: 1371863 | H5: 1368689 | I5: 1364106 | J5: 1591120 | K5: 2275113 | L5: 2083050 | M5: 2069019 | N5: 2030302
B6: 国内エネルギー Domestic Energy | C6: 百万円 million yen | D6: - | E6: - | F6: - | G6: - | H6: - | I6: - | J6: 1340784 | K6: 1971694 | L6: 1770666 | M6: 1737905 | N6: 1643406
B7: 海外エネルギー International Energy | C7: 百万円 million yen | D7: 18701 | E7: 22632 | F7: 22570 | G7: 40489 | H7: 61254 | I7: 69199 | J7: 80779 | K7: 123299 | L7: 116448 | M7: 128151 | N7: 143790
B8: ライフ&ビジネスソリューション Life & Business Solutions | C8: 百万円 million yen | D8: 221702 | E8: 217600 | F8: 201472 | G8: 210914 | H8: 219432 | I8: 216585 | J8: 237086 | K8: 258543 | L8: 274026 | M8: 282466 | N8: 319839
B9: 調整 Adjustments | C9: 百万円 million yen | D9: -73326 | E9: -67742 | F9: -61827 | G9: -76497 | H9: -90522 | I9: -85059 | J9: -67091 | K9: -78423 | L9: -78091 | M9: -79503 | N9: -76734
B10: ガス(-17.3） Gas (-17.3) | C10: 百万円 million yen | D10: 948501 | E10: 802331 | F10: - | G10: - | H10: - | I10: - | J10: - | K10: - | L10: - | M10: - | N10: -
B11: LPG・電力・その他エネルギー(-17.3） LPG, electricity, and other energy (-17.3%) | C11: 百万円 million yen | D11: 206433 | E11: 209026 | F11: - | G11: - | H11: - | I11: - | J11: - | K11: - | L11: - | M11: - | N11: -
B12: 国内エネルギー・ガス(-21.3） Domestic Energy & Gas (-21.3) | C12: 百万円 million yen | D12: - | E12: - | F12: 976269 | G12: 1012642 | H12: 976963 | I12: 916089 | J12: - | K12: - | L12: - | M12: - | N12: -
B13: 国内エネルギー・電力(-21.3） Domestic Energy and Electricity (-21.3%) | C13: 百万円 million yen | D13: - | E13: - | F13: 157752 | G13: 184313 | H13: 201561 | I13: 247291 | J13: - | K13: - | L13: - | M13: - | N13: -
B14: ■セグメント利益 ■ Segment Profit
B15: 連結 Consolidated | C15: 百万円 million yen | D15: 142136 | E15: 99036 | F15: 78376 | G15: 69073 | H15: 89018 | I15: 126109 | J15: 112043 | K15: 72931 | L15: 204536 | M15: 181384 | N15: 198748
B16: 国内エネルギー Domestic Energy | C16: 百万円 million yen | D16: - | E16: - | F16: - | G16: - | H16: - | I16: - | J16: 44157 | K16: -27324 | L16: 92267 | M16: 77554 | N16: 71941
B17: 海外エネルギー International Energy | C17: 百万円 million yen | D17: -277 | E17: 7477 | F17: -5338 | G17: 5974 | H17: 8162 | I17: 22115 | J17: 44330 | K17: 69718 | L17: 79643 | M17: 71933 | N17: 88397
B18: ライフ&ビジネスソリューション Life & Business Solutions | C18: 百万円 million yen | D18: 18834 | E18: 20414 | F18: 18284 | G18: 17714 | H18: 19676 | I18: 19250 | J18: 23516 | K18: 29237 | L18: 31039 | M18: 28767 | N18: 37447
B19: 調整 Adjustments | C19: 百万円 million yen | D19: -997 | E19: 944 | F19: 1728 | G19: 850 | H19: 122 | I19: 4375 | J19: 39 | K19: 1300 | L19: 1586 | M19: 3129 | N19: 963
B20: タイムラグ差損益（国内エネ内数） Time lag difference profit and loss (domestic energy portion) | C20: 百万円 million yen | D20: 81712 | E20: 13789 | F20: 519 | G20: -13273 | H20: 6513 | I20: 1696 | J20: -62321 | K20: -34711 | L20: 28523 | M20: 4278 | N20: 9135
B21: 数理計算上の差異の費用処理額（国内エネ内数・利益影響で記載） Amount of expense processing for differences in actuarial calculations (listed under domestic energy revenue and profit impact) | C21: 百万円 million yen | D21: -676 | E21: -8906 | F21: -9272 | G21: -2591 | H21: 3396 | I21: 2884 | J21: 7146 | K21: 10289 | L21: 9701 | M21: 8225 | N21: 7700
B22: ガス(-17.3） Gas (-17.3) | C22: 百万円 million yen | D22: 95724 | E22: 48123 | F22: - | G22: - | H22: - | I22: - | J22: - | K22: - | L22: - | M22: - | N22: -
B23: LPG・電力・その他エネルギー(-17.3） LPG, electricity, and other energy (-17.3%) | C23: 百万円 million yen | D23: 28852 | E23: 22075 | F23: - | G23: - | H23: - | I23: - | J23: - | K23: - | L23: - | M23: - | N23: -
B24: 国内エネルギー・ガス(-21.3） Domestic Energy & Gas (-21.3) | C24: 百万円 million yen | D24: - | E24: - | F24: 42987 | G24: 35809 | H24: 53200 | I24: 65335 | J24: - | K24: - | L24: - | M24: - | N24: -
B25: 国内エネルギー・電力(-21.3） Domestic Energy and Electricity (-21.3%) | C25: 百万円 million yen | D25: - | E25: - | F25: 20714 | G25: 8724 | H25: 7855 | I25: 15032 | J25: - | K25: - | L25: - | M25: - | N25: -
B26: ■セグメント資産 ■ Segment Assets
B27: 連結 Consolidated | C27: 百万円 million yen | D27: 1829756 | E27: 1886577 | F27: 1897230 | G27: 2029722 | H27: 2140482 | I27: 2313357 | J27: 2588086 | K27: 2819589 | L27: 2980127 | M27: 3200525 | N27: 3321405
B28: 国内エネルギー Domestic Energy | C28: 百万円 million yen | D28: - | E28: - | F28: - | G28: - | H28: - | I28: - | J28: 1522813 | K28: 1576809 | L28: 1588251 | M28: 1640829 | N28: 1712354
B29: 海外エネルギー International Energy | C29: 百万円 million yen | D29: 401590 | E29: 453804 | F29: 462351 | G29: 572881 | H29: 625410 | I29: 634126 | J29: 677097 | K29: 829581 | L29: 941579 | M29: 1105498 | N29: 1083903
B30: ライフ&ビジネスソリューション Life & Business Solutions | C30: 百万円 million yen | D30: 411459 | E30: 413448 | F30: 350138 | G30: 374311 | H30: 390693 | I30: 419172 | J30: 438178 | K30: 453058 | L30: 491252 | M30: 528326 | N30: 571501
B31: 調整 Adjustments | C31: 百万円 million yen | D31: 71657 | E31: 69544 | F31: 62066 | G31: 50300 | H31: 4815 | I31: 29659 | J31: -50002 | K31: -39860 | L31: -40956 | M31: -74128 | N31: -46354
B32: ガス(-17.3） Gas (-17.3) | C32: 百万円 million yen | D32: 772825 | E32: 766272 | F32: - | G32: - | H32: - | I32: - | J32: - | K32: - | L32: - | M32: - | N32: -
B33: LPG・電力・その他エネルギー(-17.3） LPG, electricity, and other energy (-17.3%) | C33: 百万円 million yen | D33: 172223 | E33: 183507 | F33: - | G33: - | H33: - | I33: - | J33: - | K33: - | L33: - | M33: - | N33: -
B34: 国内エネルギー・ガス(-21.3） Domestic Energy & Gas (-21.3) | C34: 百万円 million yen | D34: - | E34: - | F34: 865154 | G34: 866906 | H34: 911159 | I34: 955934 | J34: - | K34: - | L34: - | M34: - | N34: -
B35: 国内エネルギー・電力(-21.3） Domestic Energy and Electricity (-21.3%) | C35: 百万円 million yen | D35: - | E35: - | F35: 157519 | G35: 165322 | H35: 208403 | I35: 274463 | J35: - | K35: - | L35: - | M35: - | N35: -
B36: ■セグメント資産セグメント利益率 ■ Segment Assets Segment Profit Margin
B37: 連結 Consolidated | C37: ％ | D37: 7.7 | E37: 5.3 | F37: 4.1 | G37: 3.5 | H37: 4.3 | I37: 5.7 | J37: 4.6 | K37: 2.7 | M37: 5.9 | N37: 6.0947603
B38: 国内エネルギー Domestic Energy | C38: ％ | D38: - | E38: - | F38: - | G38: - | H38: - | I38: - | J38: 3.2 | K38: -0.01 | L38: 5.8 | M38: 4.8 | N38: 4.2909081
B39: 海外エネルギー International Energy | C39: ％ | D39: -0.01 | E39: 1.7 | F39: -0.01 | G39: 1.2 | H39: 1.4 | I39: 3.5 | J39: 6.8 | K39: 9.3 | L39: 9 | M39: 7 | N39: 8.074994
B40: ライフ&ビジネスソリューション Life & Business Solutions | C40: ％ | D40: 4.7 | E40: 4.9 | F40: 5.3 | G40: 4.9 | H40: 5.1 | I40: 4.8 | J40: 5.5 | K40: 6.6 | L40: 6.6 | M40: 5.6 | N40: 6.8096164
B41: ガス(-17.3） Gas (-17.3) | C41: ％ | D41: 12 | E41: 6.3 | F41: - | G41: - | H41: - | I41: - | J41: - | K41: - | L41: - | M41: - | N41: -
B42: LPG・電力・その他エネルギー(-17.3） LPG, electricity, and other energy (-17.3%) | C42: ％ | D42: 16.5 | E42: 12.4 | F42: - | G42: - | H42: - | I42: - | J42: - | K42: - | L42: - | M42: - | N42: -
B43: 国内エネルギー・ガス(-21.3） Domestic Energy & Gas (-21.3) | C43: ％ | D43: - | E43: - | F43: 5 | G43: 4.1 | H43: 6 | I43: 7 | J43: - | K43: - | L43: - | M43: - | N43: -
B44: 国内エネルギー・電力(-21.3） Domestic Energy and Electricity (-21.3%) | C44: ％ | D44: - | E44: - | F44: 14.7 | G44: 5.4 | H44: 4.2 | I44: 6.2 | J44: - | K44: - | L44: - | M44: - | N44: -
B45: ■減価償却費 + のれん償却費 ■ Depreciation + Norian goodwill depreciation
B46: 連結 Consolidated | C46: 百万円 million yen | D46: 86747 | E46: 86206 | F46: 88723 | G46: 99745 | H46: 91925 | I46: 101444 | J46: 108902 | K46: 119822 | L46: 123564 | M46: 127549 | N46: 135138
B47: 国内エネルギー Domestic Energy | C47: 百万円 million yen | D47: - | E47: - | F47: - | G47: - | H47: - | I47: - | J47: 75027 | K47: 77114 | L47: 76309 | M47: 75456 | N47: 79151
B48: 海外エネルギー International Energy | C48: 百万円 million yen | D48: 7173 | E48: 8327 | F48: 12165 | G48: 15228 | H48: 16818 | I48: 23322 | J48: 21249 | K48: 30131 | L48: 34287 | M48: 40841 | N48: 42756
B49: ライフ&ビジネスソリューション Life & Business Solutions | C49: 百万円 million yen | D49: 13803 | E49: 13265 | F49: 12913 | G49: 13173 | H49: 13382 | I49: 14007 | J49: 15356 | K49: 15754 | L49: 16338 | M49: 14879 | N49: 15729
B50: 調整 Adjustments | C50: 百万円 million yen | D50: -865 | E50: -772 | F50: -1013 | G50: -1389 | H50: -1469 | I50: -1948 | J50: -2730 | K50: -3178 | L50: -3370 | M50: -3627 | N50: -2498
B51: ガス(-17.3） Gas (-17.3) | C51: 百万円 million yen | D51: 56396 | E51: 56467 | F51: - | G51: - | H51: - | I51: - | J51: - | K51: - | L51: - | M51: - | N51: -
B52: LPG・電力・その他エネルギー(-17.3） LPG, electricity, and other energy (-17.3%) | C52: 百万円 million yen | D52: 10239 | E52: 8918 | F52: - | G52: - | H52: - | I52: - | J52: - | K52: - | L52: - | M52: - | N52: -
B53: 国内エネルギー・ガス(-21.3） Domestic Energy & Gas (-21.3) | C53: 百万円 million yen | D53: - | E53: - | F53: 57789 | G53: 64541 | H53: 55511 | I53: 57119 | J53: - | K53: - | L53: - | M53: - | N53: -
B54: 国内エネルギー・電力(-21.3） Domestic Energy and Electricity (-21.3%) | C54: 百万円 million yen | D54: - | E54: - | F54: 6868 | G54: 8190 | H54: 7681 | I54: 8943 | J54: - | K54: - | L54: - | M54: - | N54: -
B55: ■EBITDA
B56: 連結 Consolidated | C56: 百万円 million yen | D56: 228883 | E56: 188403 | F56: 167100 | G56: 159916 | H56: 180943 | I56: 227554 | J56: 220946 | K56: 192754 | L56: 328101 | M56: 308934 | N56: 333887
B57: 国内エネルギー Domestic Energy | C57: 百万円 million yen | D57: - | E57: - | F57: - | G57: - | H57: - | I57: - | J57: 113721 | K57: 49790 | L57: 168576 | M57: 153010 | N57: 151092
B58: 海外エネルギー International Energy | C58: 百万円 million yen | D58: 6895 | E58: 15805 | F58: 6827 | G58: 21202 | H58: 24980 | I58: 45437 | J58: 65579 | K58: 99849 | L58: 113930 | M58: 112774 | N58: 131153
B59: ライフ&ビジネスソリューション Life & Business Solutions | C59: 百万円 million yen | D59: 32638 | E59: 33680 | F59: 31198 | G59: 30887 | H59: 33059 | I59: 33258 | J59: 38872 | K59: 44991 | L59: 47377 | M59: 43646 | N59: 53176
B60: 調整 Adjustments | C60: 百万円 million yen | D60: -1862 | E60: 171 | F60: 715 | G60: -538 | H60: -1346 | I60: 2427 | J60: -1524 | K60: -1878 | L60: -1784 | M60: -498 | N60: -1535
B61: ガス(-17.3） Gas (-17.3) | C61: 百万円 million yen | D61: 152120 | E61: 104590 | F61: - | G61: - | H61: - | I61: - | J61: - | K61: - | L61: - | M61: - | N61: -
B62: LPG・電力・その他エネルギー(-17.3） LPG, electricity, and other energy (-17.3%) | C62: 百万円 million yen | D62: 39092 | E62: 30994 | F62: - | G62: - | H62: - | I62: - | J62: - | K62: - | L62: - | M62: - | N62: -
B63: 国内エネルギー・ガス(-21.3） Domestic Energy & Gas (-21.3) | C63: 百万円 million yen | D63: - | E63: - | F63: 100777 | G63: 91449 | H63: 108712 | I63: 122455 | J63: - | K63: - | L63: - | M63: - | N63: -
B64: 国内エネルギー・電力(-21.3） Domestic Energy and Electricity (-21.3%) | C64: 百万円 million yen | D64: - | E64: - | F64: 27583 | G64: 16915 | H64: 15537 | I64: 23975 | J64: - | K64: - | L64: - | M64: - | N64: -
B65: ■持分法適用会社への投資額 ■ Investment amount in equity-method companies
B66: 連結 Consolidated | C66: 百万円 million yen | D66: 109997 | E66: 180157 | F66: 192234 | G66: 230703 | H66: 210647 | I66: 210091 | J66: 191659 | K66: 260406 | L66: 329808 | M66: 405590 | N66: 360988
B67: 国内エネルギー Domestic Energy | C67: 百万円 million yen | D67: - | E67: - | F67: - | G67: - | H67: - | I67: - | J67: 23893 | K67: 38754 | L67: 53340 | M67: 59917 | N67: 72688
B68: 海外エネルギー International Energy | C68: 百万円 million yen | D68: 98314 | E68: 171026 | F68: 177258 | G68: 213821 | H68: 195768 | I68: 190912 | J68: 167765 | K68: 221652 | L68: 276468 | M68: 345673 | N68: 288300
B69: ライフ&ビジネスソリューション Life & Business Solutions | C69: 百万円 million yen | D69: 6983 | E69: 3874 | F69: - | G69: - | H69: - | I69: - | J69: - | K69: - | L69: - | M69: - | N69: -
B70: ガス(-17.3） Gas (-17.3) | C70: 百万円 million yen | D70: - | E70: 260 | F70: - | G70: - | H70: - | I70: - | J70: - | K70: - | L70: - | M70: - | N70: -
B71: LPG・電力・その他エネルギー(-17.3） LPG, electricity, and other energy (-17.3%) | C71: 百万円 million yen | D71: 4698 | E71: 4996 | F71: - | G71: - | H71: - | I71: - | J71: - | K71: - | L71: - | M71: - | N71: -
B72: 国内エネルギー・ガス(-21.3） Domestic Energy & Gas (-21.3) | C72: 百万円 million yen | D72: - | E72: - | F72: 13554 | G72: 14405 | H72: 14408 | I72: 15256 | J72: - | K72: - | L72: - | M72: - | N72: -
B73: 国内エネルギー・電力(-21.3） Domestic Energy and Electricity (-21.3%) | C73: 百万円 million yen | D73: - | E73: - | F73: 1421 | G73: 2477 | H73: 470 | I73: 3922 | J73: - | K73: - | L73: - | M73: - | N73: -
B74: ■設備投資額 ■ Capital Investment Amount
B75: 連結 Consolidated | C75: 百万円 million yen | D75: 114418 | E75: 88657 | F75: 81716 | G75: 107259 | H75: 131010 | I75: 189454 | J75: 189317 | K75: 195330 | L75: 198421 | M75: 221735 | N75: 255499
B76: 国内エネルギー Domestic Energy | C76: 百万円 million yen | D76: - | E76: - | F76: - | G76: - | H76: - | I76: - | J76: 114879 | K76: 104119 | L76: 103659 | M76: 103947 | N76: 124553
B77: 海外エネルギー International Energy | C77: 百万円 million yen | D77: 20714 | E77: 15167 | F77: 6187 | G77: 24760 | H77: 8914 | I77: 29270 | J77: 35932 | K77: 54220 | L77: 53294 | M77: 59675 | N77: 90731
B78: ライフ&ビジネスソリューション Life & Business Solutions | C78: 百万円 million yen | D78: 19934 | E78: 17283 | F78: 17175 | G78: 19888 | H78: 32216 | I78: 35601 | J78: 43094 | K78: 39312 | L78: 45136 | M78: 60809 | N78: 41673
B79: 調整 Adjustments | C79: 百万円 million yen | D79: -1794 | E79: -2000 | F79: -1551 | G79: -1717 | H79: -2937 | I79: -3185 | J79: -4589 | K79: -2321 | L79: -3667 | M79: -2697 | N79: -1457
B80: ガス(-17.3） Gas (-17.3) | C80: 百万円 million yen | D80: 60194 | E80: 50530 | F80: - | G80: - | H80: - | I80: - | J80: - | K80: - | L80: - | M80: - | N80: -
B81: LPG・電力・その他エネルギー(-17.3） LPG, electricity, and other energy (-17.3%) | C81: 百万円 million yen | D81: 15369 | E81: 7676 | F81: - | G81: - | H81: - | I81: - | J81: - | K81: - | L81: - | M81: - | N81: -
B82: 国内エネルギー・ガス(-21.3） Domestic Energy & Gas (-21.3) | C82: 百万円 million yen | D82: - | E82: - | F82: 46426 | G82: 48139 | H82: 66007 | I82: 80174 | J82: - | K82: - | L82: - | M82: - | N82: -
B83: 国内エネルギー・電力(-21.3） Domestic Energy and Electricity (-21.3%) | C83: 百万円 million yen | D83: - | E83: - | F83: 13477 | G83: 16188 | H83: 26809 | I83: 47592 | J83: - | K83: - | L83: - | M83: - | N83: -
B84: ■研究開発費 ■ Research and Development Expenses
B85: 連結 Consolidated | C85: 百万円 million yen | D85: 11340 | E85: 10374 | F85: 9708 | G85: 10961 | H85: 10174 | I85: 9440 | J85: 9500 | K85: 9627 | L85: 9886 | M85: 12690 | N85: 14390
B86: 国内エネルギー Domestic Energy | C86: 百万円 million yen | D86: - | E86: - | F86: - | G86: - | H86: - | I86: - | J86: 6741 | K86: 6682 | L86: 6668 | M86: 9373 | N86: 10881
B87: ライフ&ビジネスソリューション Life & Business Solutions | C87: 百万円 million yen | D87: 2703 | E87: 2544 | F87: 2206 | G87: 3854 | H87: 2902 | I87: 2795 | J87: 2759 | K87: 2944 | L87: 3218 | M87: 3316 | N87: 3508
B88: ガス(-17.3） Gas (-17.3) | C88: 百万円 million yen | D88: 8553 | E88: 7728 | F88: - | G88: - | H88: - | I88: - | J88: - | K88: - | L88: - | M88: - | N88: -
B89: LPG・電力・その他エネルギー(-17.3） LPG, electricity, and other energy (-17.3%) | C89: 百万円 million yen | D89: 83 | E89: 101 | F89: - | G89: - | H89: - | I89: - | J89: - | K89: - | L89: - | M89: - | N89: -
B90: 国内エネルギー・ガス(-21.3） Domestic Energy & Gas (-21.3) | C90: 百万円 million yen | D90: - | E90: - | F90: 7501 | G90: 7107 | H90: 7271 | I90: 6645 | J90: - | K90: - | L90: - | M90: - | N90: -
B91: ■従業員数 ■ Number of Employees
B92: 連結 Consolidated | C92: 人 persons | D92: 20844 | E92: 20762 | F92: 19997 | G92: 20224 | H92: 20543 | I92: 20941 | J92: 20961 | K92: 21017 | L92: 21159 | M92: 21404 | N92: 21835
B93: 国内エネルギー・電力(-21.3） Domestic Energy and Electricity (-21.3%) | C93: 人 persons | D93: - | E93: - | F93: 387 | G93: 395 | H93: 415 | I93: 268 | J93: - | K93: - | L93: - | M93: - | N93: -
B94: 国内エネルギー Domestic Energy | C94: 人 persons | D94: - | E94: - | F94: - | G94: - | H94: - | I94: - | J94: 11382 | K94: 11311 | L94: 11279 | M94: 10934 | N94: 11039
B95: 海外エネルギー International Energy | C95: 人 persons | D95: 147 | E95: 157 | F95: 191 | G95: 194 | H95: 287 | I95: 292 | J95: 239 | K95: 338 | L95: 361 | M95: 358 | N95: 333
B96: ライフ&ビジネスソリューション Life & Business Solutions | C96: 人 persons | D96: 8462 | E96: 8537 | F96: 8610 | G96: 8662 | H96: 8908 | I96: 9235 | J96: 9340 | K96: 9348 | L96: 9519 | M96: 10112 | N96: 10463
B97: ガス(-17.3） Gas (-17.3) | C97: 人 persons | D97: 10817 | E97: 10630 | F97: - | G97: - | H97: - | I97: - | J97: - | K97: - | L97: - | M97: - | N97: -
B98: LPG・電力・その他エネルギー(-17.3） LPG, electricity, and other energy (-17.3%) | C98: 人 persons | D98: 1418 | E98: 1438 | F98: - | G98: - | H98: - | I98: - | J98: - | K98: - | L98: - | M98: - | N98: -
B99: 国内エネルギー・ガス(-21.3） Domestic Energy & Gas (-21.3) | C99: 人 persons | D99: - | E99: - | F99: 10809 | G99: 10973 | H99: 10933 | I99: 11146 | J99: - | K99: - | L99: - | M99: - | N99: -
B100: 1. ■セグメント利益 - ---[営業利益 + 持分法投資損益] 1. ■ Segment Profit - --- [Operating Profit + Equity-method Investment Profit or Loss]
B101: 2. タイムラグ差損益（国内エネ内数） (■セグメント利益) - --原・燃料費調整制度に基づき、原・燃料価格の変動を販売単価に反映するまでの一時的な増減益。21.3期から電力事業のタイムラグ差損益を含む。国内エネルギーに含む。
...

Sheet 15ESG
A1: ESG
B3: 環境 Environment | D3: 17.3 | E3: 18.3 | F3: 19.3 | G3: 20.3 | H3: 21.3 | I3: 22.3 | J3: 23.3 | K3: 24.3 | L3: 25.3 | M3: 26.3
B4: ■GHG排出量 ■ GHG Emissions
B5: GHG排出量 GHG Emissions | C5: 千t-CO2e thousand t-CO₂e | D5: 36127 | E5: 36630 | F5: 34808 | G5: 32907 | H5: 27784 | I5: 26785 | J5: 25977 | K5: 25632 | L5: 24420 | M5: 24149
B6: スコープ1 Scope 1 | C6: 千t-CO2e thousand t-CO₂e | D6: 4090 | E6: 4888 | F6: 5052 | G6: 4660 | H6: 5215 | I6: 4526 | J6: 4406 | K6: 4441 | L6: 4440 | M6: 4361
B7: スコープ2 Scope 2 | C7: 千t-CO2e thousand t-CO₂e | D7: 273 | E7: 270 | F7: 298 | G7: 303 | H7: 297 | I7: 334 | J7: 324 | K7: 324 | L7: 335 | M7: 305
B8: スコープ3 Scope 3 | C8: 千t-CO2e thousand t-CO₂e | D8: 31764 | E8: 31471 | F8: 29459 | G8: 27944 | H8: 22271 | I8: 21925 | J8: 21247 | K8: 20867 | L8: 19646 | M8: 19484
B9: ■CO2排出削減貢献量 ■ Contribution to CO2 Emission Reduction
B10: CO2排出削減貢献量 CO2 Emission Reduction Contribution | C10: 千t-CO2 kilot-CO2 | D10: - | E10: -609 | F10: -1057 | G10: -1650 | H10: -2280 | I10: -3356 | J10: -3863 | K10: -5008 | L10: -6291 | M10: -7378
B11: ■再エネ普及貢献量 ■ Contribution to renewable energy spread
B12: 再エネ普及貢献量 Contribution to renewable energy spread | C12: MW | D12: - | E12: - | F12: - | G12: - | H12: - | I12: 1398 | J12: 2110 | K12: 3166 | L12: 3696 | M12: 4540
B13: ■国内電力事業の再生可能エネルギー比率 ■ Ratio of Renewable Energy in Domestic Power Businesses
B14: 国内電力事業の再生可能エネルギー比率 Ratio of Renewable Energy in Domestic Power Businesses | C14: % | D14: - | E14: - | F14: - | G14: - | H14: 5 | I14: 8 | J14: 13 | K14: 22 | L14: 30 | M14: 38
B15: 1. ■GHG排出量 - 各3月末時点 1. ■GHG Emissions - As of the end of March
B16: 2. ■GHG排出量 - 対象の温室効果ガスは、CO2、メタン（CH4）、N2Oおよびフロン類（HFC）です。 2. ■ GHG Emissions - The greenhouse gases targeted are CO2, methane (CH4), N2O, and fluorocarbons (HFCs).
B17: 3. スコープ3 (■GHG排出量) - ---Daigasグループ事業全体のバリューチェーンを対象に、2015年度からスコープ3排出量を算定しています。
B18: 3. Scope 3 (■GHG Emissions) - --- has been calculating Scope 3 emissions from fiscal 2015 across the entire value chain of the Daigas Group business.
B19: 4. ■CO2排出削減貢献量 - 各3月末時点 4. ■ CO2 Emission Reduction Contribution - As of the end of March
B20: 5. CO2排出削減貢献量 (■CO2排出削減貢献量) - ---2017年度以降にお客さま先や自社事業活動に導入する高効率設備や低炭素エネルギー等により、算定年度1年間にCO2排出を削減すると推定される効果を算定
B21: 5. CO2 Emission Reduction Contribution (■ CO2 Emission Reduction Contribution) - --- Estimated effect of reducing CO2 emissions within one year of the calculation year through high-efficiency equipment and low-carbon energy
B22: introduced to customers and in-house business activities from fiscal year 2017 onward.
B23: 6. ■再エネ普及貢献量 - 各3月末時点 6. ■ Renewable Energy Spread Contribution Amount - As of the end of March
B24: 7. ■国内電力事業の再生可能エネルギー比率 - 各3月末時点 7. ■ Ratio of Renewable Energy in Domestic Power Businesses - As of the end of March
B26: 社会 Society | D26: 19.3 | E26: 20.3 | F26: 21.3 | G26: 22.3 | H26: 23.3 | I26: 24.3 | J26: 25.3 | K26: 26.3
B27: ■女性従業員・管理職比率 ■ Ratio of Female Employees to Management
B28: 女性従業員比率・グループ Ratio of Female Employees & Groups | C28: % | D28: 28.2 | E28: 27.6 | F28: 28.3 | G28: 28.5 | H28: 28.2 | I28: 28.7 | J28: 29 | K28: 29.7
B29: 女性従業員比率 ・大阪ガス Ratio of female employees ・Osaka Gas | C29: % | D29: 15.4 | E29: 15.7 | F29: 17 | G29: 16.6 | H29: 23 | I29: 23.6 | J29: 24.3 | K29: 23.2
B30: 女性管理職比率・グループ Ratio of Female Managers & Groups | C30: % | D30: 6.8 | E30: 6.6 | F30: 7.5 | G30: 8 | H30: 8.4 | I30: 8.5 | J30: 8.7 | K30: 9.9
B31: ■離職率(大阪ガスおよび基盤会社、大阪ガスネットワーク) ■ Turnover Rate (Osaka Gas and its base companies, Osaka Gas Network)
B32: 離職率 turnover rate | C32: % | D32: 1.42 | E32: 1.05 | F32: 1.23 | G32: 1.72 | H32: 1.75 | I32: 2.11 | J32: 2.04 | K32: 1.98
B33: ■育児休業・短時間勤務(大阪ガス) ■ Childcare leave and shortened working hours (Osaka Gas)
B34: 育児休業・育児目的休暇 Childcare leave and childcare leave | C34: 人 persons | D34: 201 | E34: 201 | F34: 111 | G34: 135 | H34: 46 | I34: 59 | J34: 39 | K34: 69
B35: 育児休業 ・育児目的休暇のうち、男性 Childcare leave ・Leave for childcare purposes, male | C35: 人 persons | D35: 178 | E35: 172 | F35: 97 | G35: 123 | H35: 36 | I35: 45 | J35: 34 | K35: 59
B36: 育児短時間勤務 Childcare Shortened Working Hours | C36: 人 persons | D36: 35 | E36: 33 | F36: 22 | G36: 26 | H36: 29 | I36: 25 | J36: 28 | K36: 27
B37: ■介護休業(大阪ガス) ■ Care Leave (Osaka Gas)
B38: 介護休業 nursing care leave | C38: 人 persons | D38: 2 | E38: 1 | F38: 0 | G38: 0 | H38: 1 | I38: 0 | J38: 0 | K38: 0
B39: 介護短時間勤務 Short-time care work | C39: 人 persons | D39: 1 | E39: 0 | F39: 1 | G39: 1 | H39: 0 | I39: 1 | J39: 0 | K39: 0
B40: ■障がい者雇用率(大阪ガス) ■ Employment Rate of Persons with Disabilities (Osaka Gas)
B41: 障がい者雇用率 Employment rate of people with disabilities | C41: % | D41: 2.36 | E41: 2.4 | F41: 2.34 | G41: 2.45 | H41: 2.59 | I41: 2.71 | J41: 2.88 | K41: 3.07
B42: 1. ■女性従業員・管理職比率 - 各3月末時点 1. ■ Ratio of female employees and managers - As of the end of March
B43: 2. 女性管理職比率・グループ (■女性従業員・管理職比率) - ---「管理職」は課長級以上のポストに就任していて、実際に部下を持ち、人事評価をする立場の者
B44: 2. Ratio of Female Managers & Groups (■ Ratio of Female Employees to Managers) - --- 'Managers' are those who hold positions at the section manager level or above, actually have subordinates, and are in a position to evaluate personnel
B45: 3. 離職率 (■離職率(大阪ガスおよび基盤会社、大阪ガスネットワーク) ) - ---[正社員における自己都合退職者数（各年度3月末現在）／正社員数（各年度4月1日現在）]
B46: 3. Turnover Rate (■ Turnover Rate (Osaka Gas and its base companies, Osaka Gas Network)) - --- [Number of Regular Employees Voluntary Resignation (as of the end of March each fiscal year) / Number of Regular Employees (as of April 1 of each fiscal year)]
B47: 4. ■育児休業・短時間勤務(大阪ガス) - 出向者除く 4. ■ Childcare leave and shortened working hours (Osaka Gas) - excluding seconded employees
B48: 5. ■介護休業(大阪ガス) - 出向者除く 5. ■ Care leave (Osaka Gas) - excluding seconded employees
B49: 6. ■障がい者雇用率(大阪ガス) - 6月1日時点。 6. ■ Employment rate of persons with disabilities (Osaka Gas) - As of June 1.
B50: 7. 離職率は、20.3期までは大阪ガス、21.3期以降は大阪ガス・基盤会社・大阪ガスネットワークを対象 7. Turnover rates apply to Osaka Gas up to the 203rd fiscal year, and from the 21st fiscal year onward, Osaka Gas, infrastructure companies, and Osaka Gas Network
B52: ガバナンス Governance | D52: 19.6 | E52: 20.6 | F52: 21.6 | G52: 22.6 | H52: 23.6 | I52: 24.6 | J52: 25.6 | K52: 26.6
B53: ■取締役 ■ Directors
B54: 取締役総計 (1+2+3+4) Total Directors (1+2+3+4) | C54: 人 persons | D54: 13 | E54: 9 | F54: 10 | G54: 10 | H54: 10 | I54: 15 | J54: 15 | K54: 13
B55: 社内取締役合計 (1+2) Total internal directors (1+2) | C55: 人 persons | D55: 10 | E55: 6 | F55: 6 | G55: 6 | H55: 6 | I55: 8 | J55: 8 | K55: 6
B56: (1)男性社内取締役 (1) Male Internal Director | C56: 人 persons | D56: 10 | E56: 6 | F56: 6 | G56: 6 | H56: 6 | I56: 8 | J56: 8 | K56: 6
B57: (2)女性社内取締役 (2) Female Internal Directors | C57: 人 persons | D57: 0 | E57: 0 | F57: 0 | G57: 0 | H57: 0 | I57: 0 | J57: 0 | K57: 0
B58: 社外取締役合計 (3+4) Total outside directors (3+4) | C58: 人 persons | D58: 3 | E58: 3 | F58: 4 | G58: 4 | H58: 4 | I58: 7 | J58: 7 | K58: 7
B59: (3)男性社外取締役 (3) Male outside directors | C59: 人 persons | D59: 3 | E59: 3 | F59: 3 | G59: 3 | H59: 2 | I59: 3 | J59: 3 | K59: 3
B60: (4)女性社外取締役 (4) Female Outside Directors | C60: 人 persons | D60: 0 | E60: 0 | F60: 1 | G60: 1 | H60: 2 | I60: 4 | J60: 4 | K60: 4
B61: 取締役のうち、監査等委員数総計 (5+6+7+8) Total number of audit and supervisory committee members among directors (5+6+7+8) | C61: 人 persons | D61: - | E61: - | F61: - | G61: - | H61: - | I61: 5 | J61: 5 | K61: 4
B62: 社内監査等委員合計 (5+6) Total internal audit and supervisory committee members (5+6) | C62: 人 persons | D62: - | E62: - | F62: - | G62: - | H62: - | I62: 2 | J62: 2 | K62: 1
B63: (5)男性社内監査等委員 (5) Male Internal Audit and Supervisory Committee Members | C63: 人 persons | D63: - | E63: - | F63: - | G63: - | H63: - | I63: 2 | J63: 2 | K63: 1
B64: (6)女性社内監査等委員 (6) Female Internal Audit and Supervisory Committee Members | C64: 人 persons | D64: - | E64: - | F64: - | G64: - | H64: - | I64: 0 | J64: 0 | K64: 0
B65: 社外監査等委員合計 (7+8) Total number of Outside Audit and Supervisory Committee members (7+8) | C65: 人 persons | D65: - | E65: - | F65: - | G65: - | H65: - | I65: 3 | J65: 3 | K65: 3
B66: (7)男性社外監査等委員 (7) Male Outside Audit and Supervisory Committee Member | C66: 人 persons | D66: - | E66: - | F66: - | G66: - | H66: - | I66: 1 | J66: 1 | K66: 1
B67: (8)女性社外監査等委員 (8) Female Outside Audit and Supervisory Committee Members | C67: 人 persons | D67: - | E67: - | F67: - | G67: - | H67: - | I67: 2 | J67: 2 | K67: 2
B68: 社外取締役比率 Ratio of Outside Directors | C68: % | D68: 23 | E68: 33 | F68: 40 | G68: 40 | H68: 40 | I68: 46.7 | J68: 46.7 | K68: 53.8
B69: 女性取締役比率 Ratio of Female Directors | C69: % | D69: 0 | E69: 0 | F69: 10 | G69: 10 | H69: 20 | I69: 26.7 | J69: 26.7 | K69: 30.8
B70: ■監査役（-23.6) ■ Auditor (-2023.6)
B71: 監査役（-23.6) Auditor (-23.6) | C71: 人 persons | D71: 5 | E71: 5 | F71: 5 | G71: 5 | H71: 5 | I71: - | J71: - | K71: -
B72: 社内監査役（-23.6) Internal Auditor (-23.6) | C72: 人 persons | D72: 2 | E72: 2 | F72: 2 | G72: 2 | H72: 2 | I72: - | J72: - | K72: -
B73: 男性社内監査役（-23.6) Male Internal Auditor (-23.6) | C73: 人 persons | D73: 2 | E73: 2 | F73: 2 | G73: 2 | H73: 2 | I73: - | J73: - | K73: -
B74: 女性社内監査役（-23.6) Female Internal Auditor (-23.6) | C74: 人 persons | D74: 0 | E74: 0 | F74: 0 | G74: 0 | H74: 0 | I74: - | J74: - | K74: -
B75: 社外監査役（-23.6) Outside Auditor (-23.6) | C75: 人 persons | D75: 3 | E75: 3 | F75: 3 | G75: 3 | H75: 3 | I75: - | J75: - | K75: -
B76: 男性社外監査役（-23.6) Male outside auditor (-23.6) | C76: 人 persons | D76: 2 | E76: 2 | F76: 2 | G76: 2 | H76: 1 | I76: - | J76: - | K76: -
B77: 女性社外監査役（-23.6) Female outside audit & supervisory board members (-23.6) | C77: 人 persons | D77: 1 | E77: 1 | F77: 1 | G77: 1 | H77: 2 | I77: - | J77: - | K77: -
B78: 社外監査役比率（-23.6) Ratio of Outside Auditors (-23.6) | C78: % | D78: 60 | E78: 60 | F78: 60 | G78: 60 | H78: 60 | I78: - | J78: - | K78: -
B79: 女性監査役比率（-23.6) Ratio of female auditors (-23.6) | C79: % | D79: 20 | E79: 20 | F79: 20 | G79: 20 | H79: 40 | I79: - | J79: - | K79: -
B80: 1. 当該年の定時株主総会によって選任された体制の人数。最新の数値は2026年6月時点。 1. Number of members elected at the annual shareholders meeting for the year. Latest figures as of June 2026.
B81: 2. 大阪ガスは、2024年６月27日開催の第206回定時株主総会において、監査等委員会設置会社への移行を内容とする定款の一部変更が決議されたことにより、監査役会設置会社から監査等委員会設置会社に移行しました。
B82: 2. At the 206th Ordinary General Meeting of Shareholders held on June 27, 2024, Osaka Gas transitioned from a company with a board of auditors to a company with an audit and supervisory committee following a resolution to amend its articles of incorporation.
B84: 外部評価 External Evaluation | D84: 20.6 | E84: 21.6 | F84: 22.6 | G84: 23.6 | H84: 24.6 | I84: 25.6 | J84: 26.6
B85: MSCI SELECTION INDEXES | C85: 選定 Selected | D85: 1 | E85: 1 | F85: 1 | G85: 1 | H85: 1 | I85: 1 | J85: 1
B86: FTSE JPX Blossom Japan Sector Relative Index | C86: 選定 Selected | D86: - | E86: - | F86: 1 | G86: 1 | H86: 1 | I86: 1 | J86: 1
B87: FTSE JPX Blossom Japan Index | C87: 選定 Selected | D87: 1 | E87: 1 | F87: 1 | G87: 1 | H87: 1 | I87: 1 | J87: 1
B88: Morningstar日本株式 ジェンダー・ダイバーシティ・ティルト指数（除くREIT） Morningstar Japan Equity Gender Diversity Tilt Index (excluding REITs) | C88: 選定 Selected | D88: - | E88: - | F88: - | G88: 1 | H88: 1 | I88: 1 | J88: 1
B89: MSCI ジャパン ESGセレクト・リーダーズ MSCI Japan ESG Select Leaders | C89: 選定 Selected | D89: 1 | E89: 1 | F89: 1 | G89: 1 | H89: 1 | I89: 1 | J89: 1
B90: MSCI 日本株 ESGセレクト・リーダーズ MSCI Japan Equity ESG Select Leaders | C90: 選定 Selected | D90: - | E90: - | F90: - | G90: - | H90: 1 | I90: 1 | J90: 1
B91: MSCI 日本株 女性活躍 (WIN) MSCI Japan Equities Empowering Women (WIN) | C91: 選定 Selected | D91: 1 | E91: 1 | F91: 1 | G91: 1 | H91: 1 | I91: 1 | J91: 1
B92: MSCI 日本株 女性活躍（ｾﾚｸﾄ) MSCI Japan Equities Women's Empowerment (Select) | C92: 選定 Selected | D92: 1 | E92: 1 | F92: 1 | G92: 1 | H92: 1 | I92: 1 | J92: 1
B93: S&P/JPXカーボン・エフィシェント S&P/JPX Carbon Efficient | C93: 選定 Selected | D93: 1 | E93: 1 | F93: 1 | G93: 1 | H93: 1 | I93: 1 | J93: 1
B94: 1. MSCI SELECTION INDEXES - ---25年1月以前はMSCI ESG Leaders Indexes 1. MSCI SELECTION INDEXES - before January --- 2025, MSCI ESG Leaders Indexes
B95: 2. FTSE JPX Blossom Japan Sector Relative Index - 22年3月よりGPIFのESG指数に採用 2. FTSE JPX Blossom Japan Sector Relative Index - Included in GPIF’s ESG index since March 2022
B96: 3. FTSE JPX Blossom Japan Index - GPIFが採用するESG指数 3. FTSE JPX Blossom Japan Index - Included in GPIF’s ESG index
B97: 4. Morningstar日本株式 ジェンダー・ダイバーシティ・ティルト指数（除くREIT） - ---23年3月よりGPIFのESG指数に採用 4. Morningstar Japan Equity Gender Diversity Tilt Index (excluding REITs) - Adopted as GPIF's ESG Index from March --- 2023
B98: 5. MSCI ジャパン ESGセレクト・リーダーズ - ---24年3月までGPIFが採用したESG指数 5. MSCI Japan ESG Select Leaders – ESG Index Adopted by GPIF Until March --- 2024
B99: 6. MSCI 日本株 ESGセレクト・リーダーズ - ---24年3月よりGPIFのESG指数に採用 6. MSCI Japan Equity ESG Select Leaders - Adopted in GPIF's ESG Index from March --- 2024
B100: 7. MSCI 日本株 女性活躍 (WIN) - ---GPIFが採用するESG指数 7. MSCI Japan Equities Empowering Women (WIN) - ESG Index Adopted by ---GPIF
B101: 8. S&P/JPXカーボン・エフィシェント - ---GPIFが採用するESG指数 8. S&P/JPX Carbon Efficient - ESG Index Adopted by --- GPIF

Sheet 16単位換算
A1: (参考) 単位換算 (Reference) Unit Conversion
A3: ■発熱換算表 ■ Heat Conversion Table
A4: メガジュール （MJ=106J） Megajoule （MJ=106J） | B4: キロワット時 （kWh） | C4: キロカロリー （kcal） | D4: 原油換算キロリットル （kl） Crude oil equivalent kiloliters （kl） | E4: 石油換算トン （TOE） | F4: 英国熱量単位 （BTU）
A5: 1 | B5: 0.278 | C5: 239 | D5: 0.0258×10-3 | E5: 0.0239×10-3 | F5: 948
A6: 3.6 | B6: 1 | C6: 860 | D6: 0.0930×10-3 | E6: 0.0860×10-3 | F6: 3412
A7: 0.00419 | B7: 0.00116 | C7: 1 | D7: 1.08×10-7 | E7: 10-7 | F7: 3.97
A8: 3.87×104 | B8: 1.08×104 | C8: 9.25×106 | D8: 1 | E8: 0.925 | F8: 3.67×107
A9: 4.19×104 | B9: 1.16×104 | C9: 107 | D9: 1.08 | E9: 1 | F9: 3.97×107
A10: 0.00106 | B10: 2.93×10-4 | C10: 0.252 | D10: 2.72×10-8 | E10: 2.52×10-8 | F10: 1
A13: ■原油量換算表 ■ Crude Oil Volume Conversion Table
A14: バレル(bbl) | B14: リットル(l) Liters (L) | C14: トン(t) ton (t)
A15: 1 | B15: 159 | C15: 0.14
A16: 6.3 | B16: 1000 | C16: 0.88
A17: 7.3 | B17: 1159 | C17: 1
A19: ■１トンのＬＮＧから製造できるガス量（産気量） ■ Gas Volume (Gas Production) Can Be Produced from 1 Ton of LNG
A20: ＬＮＧ1トン≒2m3（液体積）≒1,200m3Ｎ（0℃･1気圧･45MJでのガス量） LNG 1 ton ≒ 2 m³ (liquid volume) ≒ 1,200 m³ N (gas volume at 0°C, 1 atmosphere, 45 MJ)
A21: ■ ＬＮＧ火力発電（熱効率40％、稼働率を50％とする場合） ■ LNG-fired power generation (assuming thermal efficiency of 40% and operating rate of 50%)
A22: ＬＮＧ1トン≒6,048kWh 1 ton of LNG ≒ 6,048 kWh
A23: 100万kWの発電設備…約72万トン/年のＬＮＧを消費 1 million kW power generation facility... Approximately 720,000 tons of LNG consumed per year
A24: 出所：経済産業省｢総合エネルギー統計｣より算出 Source: Calculated from the Ministry of Economy, Trade and Industry's 'Comprehensive Energy Statistics'
